 Dungeon Crawl Stone Soup version 0.25-a0-285-gcba6f664f8 (webtiles) character file.

Game seed: 15239775174306246050, levelgen mode: deterministic

3624517 Lanoc the Intangible (level 27, 194/220 HPs)
             Began as a Halfling Chaos Knight on Dec 10, 2019.
             Was a Favourite Plaything of Xom.
             Escaped with the Orb
             ... and 5 runes on Dec 11, 2019!
             The game lasted 03:31:34 (58474 turns).

Lanoc the Intangible (Halfling Chaos Knight)       Turns: 58474, Time: 03:31:34

Health: 194/220    AC: 45    Str: 25    XL:     27
Magic:  25/25      EV: 39    Int:  9    God:    Xom [....*.]
Gold:   5726       SH:  0    Dex: 23    Spells: 26/26 levels left

rFire    + . .     SeeInvis +   a - +9 quarterstaff "Guoxof" {vamp, rC+ Str+2}
rCold    + + .     Gourm    .   (shield currently unavailable)
rNeg     . . .     Faith    .   O - +9 plate armour of the Lotus Blossom {rF+ rCorr Int-3 Dex+3}
rPois    .         Spirit   +   (helmet restricted)
rElec    .         Reflect  .   A - +1 cloak
rCorr    +         Harm     .   D - +2 pair of gloves {Str+3}
rMut     +         Clarity  +   (no boots)
MR       +++..                  H - amulet "Nomotez" {Spirit rC+ Str+5}
Stlth    ..........             L - ring of Sussaege {MR+ EV+4 Dex-5 SInv}
HPRegen  0.46/turn              f - +5 ring of protection
MPRegen  0.19/turn

@: mildly poisoned (194 -> 193), studying Staves
A: small, antennae 1, beak, claws 1, talons 2, repulsion field 1, iridescent
scales 1, clarity, clever 1, high mp 1, mutation resistance 3, sense
surroundings 2, wild magic 1, MP-powered wands, sturdy frame 1
0: Orb of Zot
}: 5/15 runes: decaying, slimy, silver, abyssal, gossamer
a: Renounce Religion


You escaped.
You worshipped Xom.
You were a beloved toy of Xom.
You were very full.

You visited 10 branches of the dungeon, and saw 52 of its levels.
You visited the Abyss 3 times.
You visited 1 bazaar.
You also visited: Trove.

You collected 7404 gold pieces.
You spent 1678 gold pieces at shops.

Inventory:

Hand Weapons
 a - the +9 quarterstaff "Guoxof" (weapon) {vamp, rC+ Str+2}
   (You found it on level 4 of the Dungeon)

   It inflicts no extra harm, but heals its wielder when it wounds a living foe.
   It affects your strength (+2).
   It protects you from cold.
 b - the +4 hunting sling of Wondrous Power {velocity, Str+3 Int-5 Dex+5}
   (You found it on level 5 of the Pits of Slime)

   Any stone fired from it inflicts extra damage.
   It affects your strength (+3).
   It affects your intelligence (-5).
   It affects your dexterity (+5).
Missiles
 g - 243 sling bullets
 Y - 5 throwing nets (quivered)
Armour
 A - a +1 cloak (worn)
 D - a +2 pair of gloves of strength (worn)
 O - the +9 plate armour of the Lotus Blossom (worn) {rF+ rCorr Int-3 Dex+3}
   (You found it on level 2 of the Vaults)

   It affects your intelligence (-3).
   It affects your dexterity (+3).
   It protects you from fire.
   It provides partial protection from all sources of acid and corrosion.
 W - the +1 helmet "Muoki" {rF+ rC+ Regen+ Str+2}
   (You acquired it on level 3 of the Swamp)

   It affects your strength (+2).
   It protects you from fire.
   It protects you from cold.
   It increases your rate of regeneration.
Jewellery
 f - a +5 ring of protection (right hand)
 q - the ring "Asto" {rPois rCorr Str+4}
   (You found it in a treasure trove)

   [ring of resist corrosion]

   It affects your strength (+4).
   It protects you from poison.
   It provides partial protection from all sources of acid and corrosion.
 t - an uncursed ring of protection from magic
 u - an uncursed ring of positive energy
 z - the ring "Valonteq" {rElec rF+ Str+2 Stlth+}
   (You found it in a treasure trove)

   [ring of protection from fire]

   It affects your strength (+2).
   It protects you from fire.
   It insulates you from electricity.
   It makes you more stealthy.
 E - the ring "Tuwnevim" {Wiz rN++}
   (You found it in a treasure trove)

   [ring of wizardry]

   It improves your spell success rate.
   It greatly protects you from negative energy.
 H - the amulet "Nomotez" (around neck) {Spirit rC+ Str+5}
   (You bought it in a shop in a bazaar)

   [amulet of guardian spirit]

   It causes incoming damage to be split between your health and magic.
   It affects your strength (+5).
   It protects you from cold.
 L - the ring of Sussaege (left hand) {MR+ EV+4 Dex-5 SInv}
   (You bought it in a shop on level 4 of the Depths)

   [ring of evasion]

   It affects your evasion (+4).
   It affects your dexterity (-5).
   It affects your resistance to hostile enchantments.
   It lets you see invisible.
Wands
 y - a wand of random effects (151)
 F - a wand of enslavement (1)
 J - a wand of clouds (10)
 R - a wand of digging (32)
Scrolls
 i - 7 scrolls of enchant weapon
 k - 3 scrolls of silence
 n - 26 scrolls of remove curse
 o - 18 scrolls of teleportation
 p - 8 scrolls of blinking
 s - 5 scrolls of amnesia
 x - 12 scrolls of magic mapping
 B - 9 scrolls of identify
 C - 2 scrolls of immolation
 I - 10 scrolls of enchant armour
 K - a scroll of summoning
 N - 6 scrolls of fear
 Q - 9 scrolls of fog
 X - 5 scrolls of holy word
Potions
 e - 6 potions of lignification
 h - 3 potions of magic
 m - 2 potions of might
 r - 3 potions of invisibility
 v - 4 potions of mutation
 w - 11 potions of flight
 G - 3 potions of resistance
 M - a potion of agility
 P - 2 potions of ambrosia
 S - 6 potions of brilliance
 U - 3 potions of cancellation
 Z - 7 potions of curing
Books
 j - a manual of Staves
Miscellaneous
 l - a lamp of fire
 T - 3 phantom mirrors
 V - a sack of spiders
Comestibles
 c - 111 rations


   Skills:
 + Level 26.1 Fighting
   Level 4.0 Short Blades
 - Level 14.0 Staves
 O Level 27 Armour
 O Level 27 Dodging


You had 26 spell levels left.
You didn't know any spells.
Your spell library contained the following spells:

 Spells                   Type           Power        Failure   Level  Hunger
 Animate Skeleton         Necr           N/A          78%         1    ##.....
 Confusing Touch          Hex            #.....       78%         1    ##.....
 Corona                   Hex            #......      78%         1    ##.....
 Foxfire                  Conj/Fire      #...         78%         1    ##.....
 Freeze                   Ice            #...         78%         1    ##.....
 Infusion                 Chrm           #...         78%         1    ##.....
 Magic Dart               Conj           #...         78%         1    ##.....
 Pain                     Necr           #...         78%         1    ##.....
 Sandblast                Erth           #.....       78%         1    ##.....
 Shock                    Conj/Air       #...         78%         1    ##.....
 Summon Small Mammal      Summ           #...         78%         1    ##.....
 Blink                    Tloc           N/A          88%         2    ###....
 Call Imp                 Summ           #.......     88%         2    ###....
 Corpse Rot               Necr/Air       N/A          88%         2    ###....
 Ensorcelled Hibernation  Hex/Ice        #.....       88%         2    ###....
 Passwall                 Tmut/Erth      #.......     88%         2    ###....
 Poisonous Vapours        Pois/Air       #.....       88%         2    ###....
 Searing Ray              Conj           #.....       88%         2    ###....
 Shroud of Golubria       Chrm/Tloc      #.....       88%         2    ###....
 Slow                     Hex            #.......     88%         2    ###....
 Song of Slaying          Chrm           #.......     88%         2    ###....
 Swiftness                Chrm/Air       #.......     88%         2    ###....
 Call Canine Familiar     Summ           #.......     98%         3    ####...
 Confuse                  Hex            #.......     98%         3    ####...
 Conjure Flame            Conj/Fire      #.......     98%         3    ####...
 Dazzling Flash           Conj/Hex       #.....       98%         3    ####...
 Gell's Gravitas          Tloc           #.........   98%         3    ####...
 Ignite Poison            Fire/Tmut/Pois #.......     98%         3    ####...
 Inner Flame              Hex/Fire       #.......     98%         3    ####...
 Mephitic Cloud           Conj/Pois/Air  #.......     98%         3    ####...
 Ozocubu's Armour         Chrm/Ice       #.......     98%         3    ####...
 Portal Projectile        Hex/Tloc       #.....       98%         3    ####...
 Recall                   Summ/Tloc      N/A          98%         3    ####...
 Regeneration             Chrm/Necr      #.........   98%         3    ####...
 Spectral Weapon          Hex/Chrm       #.......     98%         3    ####...
 Static Discharge         Conj/Air       #.......     98%         3    ####...
 Stone Arrow              Conj/Erth      #.....       98%         3    ####...
 Summon Guardian Golem    Hex/Summ       #.......     98%         3    ####...
 Teleport Other           Tloc           #.......     98%         3    ####...
 Tukima's Dance           Hex            #.......     98%         3    ####...
 Vampiric Draining        Necr           #.........   98%         3    ####...
 Airstrike                Air            #.........   100%        4    #####..
 Animate Dead             Necr           N/A          100%        4    #####..
 Cause Fear               Hex            #.........   100%        4    #####..
 Fulminant Prism          Conj/Hex       #.........   100%        4    #####..
 Hailstorm                Conj/Ice       #.......     100%        4    #####..
 Ice Form                 Ice/Tmut       #.......     100%        4    #####..
 Iskenderun's Mystic Bla  Conj/Tloc      #.......     100%        4    #####..
 Leda's Liquefaction      Hex/Erth       #.........   100%        4    #####..
 Petrify                  Tmut/Erth      #.......     100%        4    #####..
 Sticky Flame             Conj/Fire      #.......     100%        4    #####..
 Summon Ice Beast         Ice/Summ       #.......     100%        4    #####..
 Summon Lightning Spire   Summ/Air       #.......     100%        4    #####..
 Agony                    Necr           #.......     100%        5    ######.
 Bolt of Magma            Conj/Fire/Erth #.........   100%        5    ######.
 Dispel Undead            Necr           #.......     100%        5    ######.
 Fireball                 Conj/Fire      #.........   100%        5    ######.
 Irradiate                Conj/Tmut      #.........   100%        5    ######.
 Lee's Rapid Deconstruct  Erth           #.........   100%        5    ######.
 Lightning Bolt           Conj/Air       #.........   100%        5    ######.
 Metabolic Englaciation   Hex/Ice        #.........   100%        5    ######.
 Silence                  Hex/Air        #.........   100%        5    ######.
 Summon Forest            Summ/Tloc      #.........   100%        5    ######.
 Summon Mana Viper        Hex/Summ       #.......     100%        5    ######.
 Yara's Violent Unravell  Hex/Tmut       #.........   100%        5    ######.
 Conjure Ball Lightning   Conj/Air       #.........   100%        6    #######
 Darkness                 Hex            #.........   100%        6    #######
 Deflect Missiles         Chrm/Air       #.........   100%        6    #######
 Eringya's Noxious Bog    Tmut/Pois      #.........   100%        6    #######
 Freezing Cloud           Conj/Ice/Air   #.........   100%        6    #######
 Hydra Form               Tmut           #.........   100%        6    #######
 Iron Shot                Conj/Erth      #.........   100%        6    #######
 Ozocubu's Refrigeration  Ice            #.........   100%        6    #######
 Simulacrum               Ice/Necr       #.........   100%        6    #######
 Statue Form              Tmut/Erth      #........    100%        6    #######
 Dragon Form              Tmut           #.........   100%        7    #######
 Haunt                    Necr/Summ      #.........   100%        7    #######
 Orb of Destruction       Conj           #.........   100%        7    #######
 Ring of Flames           Chrm/Fire      #.........   100%        7    #######
 Spellforged Servitor     Conj/Summ      #.........   100%        7    #######
 Summon Hydra             Summ           #.........   100%        7    #######
 Borgnjor's Revivificati  Necr           #.........   100%        8    #######
 Death's Door             Chrm/Necr      #.........   100%        8    #######
 Infestation              Necr           #.........   100%        8    #######
 Necromutation            Tmut/Necr      #.........   100%        8    #######
 Shatter                  Erth           #.........   100%        9    #######
 Tornado                  Air            #.........   100%        9    #######
 Passage of Golubria      Tloc           Unusable     N/A         4    N/A

Dungeon Overview and Level Annotations

Branches:
Dungeon (15/15)            Temple (1/1) D:4            Lair (6/6) D:9
  Swamp (4/4) Lair:3       Spider (4/4) Lair:2        Slime (5/5) Lair:6
    Orc (2/2) D:12            Elf (0/3) Orc:2        Vaults (5/5) D:14
  Crypt (0/3) Vaults:3     Depths (5/5) D:15            Zot (5/5) Depths:5

Altars:
Ashenzari
Cheibriados
Elyvilon
Kikubaaqudgha
Makhleb
Sif Muna
Uskayaw
Vehumet
Xom
Yredelemnul
Zin
The Shining One
Beogh
Jiyva
Lugonu

Shops:
Orc:2 *=[%   Vaults:1 (   Depths:4 ==}

Portals:
Hell: Depths:1 Depths:2 Depths:3 Depths:4 Depths:5
Abyss: Depths:4 Depths:5
Pandemonium: Depths:2 Depths:3 Depths:4
Ziggurat: Depths:3

Annotations:
Vaults:3 3 runed translucent doors, Syvvoagh's ghost, adept DENe
Vaults:5 ! Xtuhua downstairs


Innate Abilities, Weirdness & Mutations

You are small and have problems with some larger weapons.
You are almost entirely resistant to further mutation and mutation removal.
You have a pair of small antennae on your head.
You have a beak for a mouth.
You have sharp fingernails.
You have razor-sharp toenails.
You are surrounded by a mild repulsion field. (EV +2)
You are partially covered in iridescent scales. (AC +2)
You possess an exceptional clarity of mind.
Your mind is acute. (Int +2)
You have an increased reservoir of magic. (+10% MP)
You passively map the area around you.
Your spells are a little harder to cast, but a little more powerful.
You expend magic power (3 MP) to strengthen your wands.
Your movements are slightly less encumbered by armour. (ER -2)


Message History

A sun demon comes into view.
The balrug gestures at you.
The fireball explodes!
The fireball engulfs you. You resist.
The sun demon shouts!
You feel sick. The red devil completely misses you.
You feel sick. The balrug gestures at you. Something smites you!
The balrug gestures at you.
The fireball explodes!
The fireball engulfs you! You resist.
You feel sick.
You feel sick. The red devil completely misses you.
You feel sick.
You feel sick.
You are no longer poisoned.
There is a staircase leading out of the dungeon here.
The red devil hits you but does no damage.
You are poisoned.
You have escaped!

##..###..#####.#
#######.#
#.#............#
#.#
.######..#######
#.# ## #..# #.#
#..##### #.#
#....).# #.#
##.###.# #.# #.#
#.# ### #.# #.#
#.###@## #.# #.#
#.24...# #.# #.#
#.#...## #.# #.#
#.##### #.######
#.# #.# #..)...#
#.# #2# ######.#
########.# #3#
#.#
>.....##.###.#
#.#
#####.##....3#
#.#


You could see a balrug and a red devil.

Vanquished Creatures
  the Royal Jelly (Slime:5)
  12 ancient liches
  Mara (Depths:3)
  4 orbs of fire
  Sojobo (Depths:1)
  A greater mummy (Depths:4)
  A curse toe (Zot:4)
  2 Killer Klowns (Zot:5)
  Xtahua (Vaults:5)
  4 golden dragons
  A doom hound (Zot:1)
  2 bone dragons (Zot:1)
  Arachne (Spider:2)
  4 electric golems
  A Tzitzimitl (Zot:2)
  18 tentacled monstrosities
  8 liches
  Asterion (Vaults:3)
  10 quicksilver dragons
  5 titans
  29 Orb Guardians
  24 acid blobs
  5 tentacled starspawn
  An Executioner (Depths:2)
  6 sphinxes
  4 death cobs
  Roxanne (Spider:1)
  15 storm dragons
  Donald (Spider:3)
  9 shadow dragons
  10 azure jellies
  5 tengu reavers
  10 draconian monks
  10 fire giants
  3 draconian knights
  An orc warlord (Orc:2)
  9 frost giants
  2 iron dragons (Vaults:5)
  Louise (Spider:4)
  6 ghost moths
  2 deep elf sorcerers
  2 draconian scorchers
  15 vault wardens
  3 spriggan defenders
  A balrug (Depths:4)
  5 draconian shifters (Zot:3)
  2 juggernaut zombies (Depths:4)
  10 emperor scorpions
  15 ironheart preservers
  A cacodemon (D:2)
  6 draconian stormcallers
  6 draconian annihilators
  A deep elf elementalist (Depths:5)
  25 very ugly things
  25 stone giants
  A reaper (Zot:2)
  4 entropy weavers
  9 green draconians
  7 red draconians
  Nessos (Lair:4)
  2 deep elf demonologists (Vaults:5)
  3 vampire knights
  A lorocyproca (D:15)
  12 purple draconians
  4 deep elf annihilators (Vaults:5)
  11 yellow draconians
  14 black draconians
  14 white draconians
  3 spark wasps
  Snorg (D:11)
  A blizzard demon (D:10)
  15 ettins
  8 fire dragons
  A green death (Depths:1)
  13 death oozes
  A deep elf high priest (Vaults:4)
  13 great orbs of eyes
  2 deep elf death magi (Vaults:3)
  A great orb of eyes (shapeshifter) (Vaults:5)
  21 yaktaur captains
  Erolcha (D:9)
  10 rakshasas
  23 vault guards
  14 centaur warriors
  22 hydras
  2 shambling mangroves
  2 ghost crabs
  16 ice dragons
  7 spriggan air magi
  2 hell beasts
  A dancing weapon (Zot:3)
  17 ogre magi
  8 deep troll shamans
  A death knight (Vaults:3)
  12 alligators
  A queen ant (Depths:5)
  53 two-headed ogres
  2 thrashing horrors (Abyss:2)
  8 deep troll earth magi
  4 hell hogs
  A vampire mage (Depths:3)
  4 shock serpents
  5 orc high priests (Orc:2)
  Sonja (Lair:1)
  4 spriggan berserkers
  A titan zombie (Depths:4)
  7 tengu warriors
  Nergalle (Lair:1)
  A hell knight (Depths:2)
  4 wretched stars
  7 deep elf knights
  5 sixfirhies
  2 iron trolls
  8 skeletal warriors
  A deep troll (shapeshifter) (Lair:5)
  2 shadow wraiths
  A titan skeleton (Depths:2)
  7 flayed ghosts
  9 glowing orange brains
  4 unseen horrors
  A death drake (shapeshifter) (Vaults:5)
  4 death drakes (Depths:5)
  11 wizards
  2 spriggan druids
  15 swamp dragons
  A sea snake (shapeshifter) (Vaults:5)
  2 infernal demonspawn (Depths:4)
  20 deep trolls
  An obsidian statue (Zot:1)
  2 shadow demons
  3 lindwurms
  7 phantasmal warriors
  A golden dragon skeleton (Depths:1)
  3 deep elf archers
  11 ironbrand convokers
  17 orb spiders
  8 deep elf magi
  2 orange crystal statues
  A shadow dragon zombie (Depths:4)
  A tengu zombie (Depths:2)
  5 necromancers
  13 harpies
  3 orb spiders (shapeshifter)
  34 ugly things
  2 tengu skeletons
  A mana viper (Abyss:3)
  A sphinx zombie (Depths:4)
  21 orc knights
  A frost giant zombie (Depths:4)
  27 wolf spiders
  2 human zombies (Vaults:4)
  5 shining eyes
  A faun (shapeshifter) (Zot:1)
  8 orc sorcerers
  A shadow dragon skeleton (Vaults:5)
  5 cyclopes
  16 elephants (Lair:6)
  23 moths of wrath
  7 black mambas
  Maurice (D:9)
  18 vault sentinels
  2 fire giant zombies
  A stone giant skeleton (Depths:2)
  4 smoke demons
  2 rust devils
  3 centaur zombies
  A torpor snail (shapeshifter) (Swamp:4)
  An apocalypse crab (Abyss:3)
  5 eyes of devastation
  A black mamba (shapeshifter) (Vaults:2)
  A guardian serpent (shapeshifter) (Vaults:5)
  A guardian serpent (Abyss:3)
  A naga mage (D:15)
  11 spiny frogs
  7 torpor snails
  2 gargoyles (D:14)
  2 orange demons
  7 rime drakes
  6 freezing wraiths
  A komodo dragon (shapeshifter) (Depths:5)
  3 efreet
  12 demonic crawlers
  A spiny frog (shapeshifter) (Orc:1)
  A kobold demonologist (D:15)
  An elf zombie (Depths:4)
  5 komodo dragons
  64 yaktaurs
  3 tengu conjurers
  3 guardian mummies (Depths:4)
  2 ancient zymes
  2 red devils
  A merfolk (D:10)
  2 queen bees (Lair:3)
  30 jumping spiders
  A polar bear (shapeshifter) (Vaults:3)
  9 tyrant leeches
  A troll (shapeshifter) (Depths:2)
  2 wind drakes (Depths:5)
  A meliai (shapeshifter) (Vaults:1)
  20 hornets
  4 large abominations
  16 trolls
  64 slime creatures
  16 raiju
  15 blink frogs
  A harpy skeleton (D:8)
  5 bog bodies
  A hydra skeleton (Abyss:3)
  A blink frog (shapeshifter) (Vaults:4)
  A fire giant simulacrum (Vaults:1)
  3 human simulacra
  63 redbacks
  4 wraiths
  16 hippogriffs
  An ettin skeleton (Vaults:5)
  5 flying skulls (Depths:1)
  4 shadows
  4 vampires
  6 ynoxinuls
  A water elemental (Abyss:3)
  A tarantella (shapeshifter) (Zot:2)
  37 yaks
  3 spriggans
  36 tarantellas
  A spriggan skeleton (Depths:1)
  6 wyverns
  A steam dragon (Lair:3)
  A fire bat (Lair:6)
  6 golden eyes
  A yak (shapeshifter) (Vaults:3)
  5 basilisks
  A chaos spawn (D:15)
  2 fire elementals
  A hungry ghost (D:15)
  3 spatial vortices
  17 vampire mosquitoes
  10 insubstantial wisps
  A swamp worm (shapeshifter) (Depths:1)
  14 wargs
  11 swamp worms
  4 hell hounds
  7 acid dragons
  10 water moccasins
  7 porcupines
  A hornet zombie (D:10)
  A floating eye (Depths:2)
  62 orc warriors
  An ice beast (D:7)
  7 eyes of draining
  A black bear (Lair:1)
  12 swamp drakes
  5 sky beasts
  2 deep troll simulacra
  A spriggan simulacrum (Depths:1)
  4 phantoms
  A necrophage (D:10)
  43 ogres
  7 boggarts
  7 wolves
  26 centaurs
  12 crocodiles
  A big kobold (D:10)
  A big kobold (shapeshifter) (Vaults:5)
  10 bullfrogs
  2 wyvern zombies
  A gnoll sergeant (D:7)
  A glowing shapeshifter simulacrum (Vaults:2)
  6 scorpions
  7 small abominations (Abyss:3)
  An elf simulacrum (Vaults:2)
  65 killer bees
  A howler monkey (D:9)
  8 wights
  5 electric eels
  12 crimson imps
  A bullfrog zombie (D:9)
  3 quasits
  17 starcursed masses
  41 orc priests
  7 bullfrog skeletons
  17 orc wizards
  7 centaur skeletons
  7 hounds
  5 jellies
  Crazy Yiuf (D:5)
  4 hell rats (Lair:6)
  4 iguanas
  Natasha (twice) (D:3)
  12 worker ants
  5 lightning spires (Zot:3)
  A killer bee zombie (D:10)
  A hound skeleton (D:4)
  6 mummies (Depths:4)
  4 gnolls (D:7)
  A howler monkey skeleton (D:7)
  16 adders
  8 river rats (Lair:6)
  6 shadow imps
  4 white imps (Abyss:2)
  An ufetubus (Depths:2)
  3 adder skeletons
  An adder zombie (D:5)
  3 worms
  2 dart slugs
  7 leopard geckos
  133 orcs
  8 ball pythons
  5 giant cockroaches
  10 goblins
  5 hobgoblins
  6 jackals (D:1)
  9 kobolds
  5 quokkas
  4 bats
  10 frilled lizards
  2 leopard gecko skeletons
  12 rats
  A plant (Lair:6)
  A starspawn tentacle (Abyss:3)
2464 creatures vanquished.

Vanquished Creatures (collateral kills)
  A golden dragon (Zot:3)
  A tentacled monstrosity (Zot:3)
  An Orb Guardian (Zot:5)
  A storm dragon (Vaults:5)
  An emperor scorpion (Spider:4)
  An ironheart preserver (Vaults:2)
  A black draconian (Zot:3)
  A red draconian (Depths:5)
  A vault guard (Vaults:2)
  A hydra (D:12)
  An ogre mage (Vaults:2)
  2 tengu warriors (Depths:2)
  4 two-headed ogres (Vaults:2)
  2 spriggans (Depths:4)
  A deep troll (Vaults:2)
  A deep elf mage (D:10)
  A wolf spider (Spider:2)
  An ironbrand convoker (Vaults:4)
  An orc sorcerer (Vaults:5)
  An ugly thing (D:12)
  A manticore (D:12)
  2 orb spiders (Spider:4)
  2 orc knights
  A moth of wrath (Zot:1)
  An elephant (Lair:3)
  3 vault sentinels
  A yaktaur (Depths:3)
  2 hornets (Depths:4)
  A meliai zombie (D:12)
  A tarantella (Spider:4)
  A yak (Lair:1)
  A tarantella (shapeshifter) (D:12)
  2 redbacks (Spider:2)
  A basilisk (D:12)
  A spatial vortex (Abyss:3)
  An orc warrior (D:12)
  An ice beast (D:9)
  An ogre (Depths:3)
  A bullfrog (D:12)
  A howler monkey skeleton (D:9)
  7 orcs
58 creatures vanquished.

Vanquished Creatures (others)
  An Orb Guardian (Zot:5)
  A storm dragon (Zot:3)
  A fire giant (Vaults:5)
  A draconian monk (Zot:3)
  2 tengu reavers (Depths:1)
  A draconian shifter (Zot:3)
  3 black draconians (Zot:3)
  A red draconian (Depths:5)
  A spark wasp (Zot:3)
  A great orb of eyes (Depths:2)
  7 dancing weapons
  An alligator (Swamp:1)
  A spriggan druid (Swamp:2)
  A starcursed mass (Abyss:2)
  2 orb spiders (Spider:3)
  A wolf spider (Spider:2)
  A moth of wrath (Zot:5)
  A smoke demon (Abyss:2)
  A gargoyle (D:10)
  A yaktaur (Vaults:4)
  A freezing wraith (Abyss:2)
  A rime drake (Swamp:4)
  2 hornets
  2 raiju
  A slime creature (Slime:5)
  2 tarantellas
  5 redbacks
  A spriggan (Swamp:2)
  A basilisk (Lair:6)
  2 swamp worms (Swamp:1)
  3 vampire mosquitoes (Swamp:1)
  2 insubstantial wisps (Swamp:2)
  A small abomination (Abyss:2)
  A floating eye (shapeshifter) (Vaults:5)
  A swamp drake (Depths:5)
  An orc warrior (Vaults:5)
  An orc priest (Vaults:5)
  5 ball lightnings (Zot:3)
  An orc (Orc:2)
  A giant cockroach (Depths:1)
  A bush (Lair:3)
  12 fungi (Lair:6)
  A lurking horror (Abyss:3)
  28 plants
  9 starspawn tentacles
  A withered plant (D:8)
117 creatures vanquished.

Grand Total: 2639 creatures vanquished

Notes
Turn   | Place    | Note
-------+----------+-------------------------------------------
     0 | D:1      | Lanoc the Halfling Chaos Knight began the quest for the
                  | Orb.
     0 | D:1      | Reached XP level 1. HP: 15/15 MP: 1/1
    24 | D:1      | XOM: silly message
    56 | D:1      | Reached XP level 2. HP: 19/20 MP: 2/2
   145 | D:1      | Reached XP level 3. HP: 16/25 MP: 3/3
   494 | D:1      | XOM: silly message
   581 | D:1      | XOM: harmless Conj miscast
   712 | D:1      | Reached XP level 4. HP: 14/31 MP: 4/4
  1098 | D:2      | XOM: silly message
  1181 | D:2      | XOM: harmless Pois miscast
  1283 | D:2      | XOM: noise
  1416 | D:2      | XOM: fog
  1451 | D:2      | XOM: polymorph goblin -> quokka
  1556 | D:2      | XOM: medium Tmut miscast
  1685 | D:3      | Noticed Natasha
  1699 | D:3      | Killed Natasha
  1699 | D:3      | Reached XP level 5. HP: 25/36 MP: 5/5
  1785 | D:3      | Found a hide-covered altar of Uskayaw.
  1875 | D:3      | XOM: divination: detect creatures
  1912 | D:3      | XOM: harmless Tmut miscast
  1917 | D:3      | Noticed Natasha
  1919 | D:3      | XOM: silly message
  1928 | D:3      | Killed Natasha
  1928 | D:3      | Reached XP level 6. HP: 33/43 MP: 6/6
  2148 | D:3      | XOM: harmless Chrm miscast
  2327 | D:4      | Got an ichor-stained quarterstaff
  2328 | D:4      | Identified the +9 quarterstaff "Guoxof" {vamp, rC+ Str+2}
                  | (You found it on level 4 of the Dungeon)
  2355 | D:4      | XOM: divination: magic mapping
  2440 | D:4      | XOM: scenery: 1 doors open
  2491 | D:4      | XOM: scenery: 1 doors open
  2717 | D:4      | Reached XP level 7. HP: 42/48 MP: 7/7
  2797 | D:4      | XOM: god gift: 16 stones
  3008 | D:4      | XOM: god gift: 48 gold pieces
  3050 | D:4      | Found a staircase to the Ecumenical Temple.
  3059 | Temple   | Entered the Ecumenical Temple
  3066 | D:4      | XOM: harmless Air miscast
  3085 | D:5      | Entered Level 5 of the Dungeon
  3222 | D:5      | Found a shattered altar of Ashenzari.
  3251 | D:5      | XOM: divination: detect items
  3331 | D:5      | XOM: silly message
  3481 | D:5      | Reached skill level 5 in Armour
  3705 | D:5      | Found a runed translucent door.
  3706 | D:5      | Noticed Crazy Yiuf
  3711 | D:5      | Killed Crazy Yiuf
  3912 | D:6      | Reached skill level 5 in Fighting
  3912 | D:6      | Reached skill level 5 in Dodging
  3912 | D:6      | Reached XP level 8. HP: 55/55 MP: 8/8
  3925 | D:6      | XOM: enchant monster (bad)
  4306 | D:6      | XOM: scenery: 1 doors open, 3 doors close
  4339 | D:6      | Reached skill level 1 in Staves
  4525 | D:6      | Noticed an angel
  4526 | D:6      | Found a glowing silver altar of Zin.
  4669 | D:7      | Found a shimmering blue altar of Sif Muna.
  4686 | D:7      | XOM: potion effect (haste)
  4710 | D:7      | XOM: potion effect (might)
  4713 | D:7      | XOM: harmless Air miscast
  4721 | D:7      | Reached XP level 9. HP: 54/62 MP: 9/9
  4726 | D:7      | XOM: divination: detect items
  4831 | D:7      | Found a radiant altar of Vehumet.
  4930 | D:7      | XOM: noise
  5051 | D:7      | XOM is BORED!
  5051 | D:7      | XOM: noise
  5054 | D:7      | Noticed a hornet
  5061 | D:7      | XOM: potion effect (might)
  5062 | D:7      | Killed a hornet
  5127 | D:7      | XOM: noise
  5174 | D:7      | XOM: scenery: create altars
  5438 | D:7      | Noticed a hippogriff
  5445 | D:7      | Killed a hippogriff
  5509 | D:8      | XOM: noise
  5522 | D:8      | Reached XP level 10. HP: 66/69 MP: 10/10
  5567 | D:8      | Found a snail-covered altar of Cheibriados.
  5567 | D:8      | XOM: 8-stop teleportation journey
  5584 | D:8      | XOM: destruction
  5585 | D:8      | XOM: cleaving
  5589 | D:8      | Reached skill level 5 in Staves
  5590 | D:8      | XOM: potion effect (invisibility)
  5592 | D:8      | XOM: fake destruction
  5604 | D:8      | XOM: cleaving
  5688 | D:8      | XOM: enchant monster (good)
  5710 | D:8      | XOM: scenery: create altars
  5752 | D:8      | XOM: god gift: robe {god gift}
  5760 | D:8      | XOM: cleaving
  5761 | D:8      | XOM: cleaving
  5765 | D:8      | XOM: smoke on damage
  5770 | D:8      | XOM: divination: detect creatures
  5785 | D:8      | XOM: potion effect (agility)
  5792 | D:8      | XOM: enchant monster (bad)
  5805 | D:9      | Noticed Erolcha
  5821 | D:9      | Paralysed by Erolcha for 3 turns
  5822 | D:9      | XOM: divination: detect items
  5823 | D:9      | XOM: enchant monster (good)
  5824 | D:9      | Killed Erolcha
  5854 | D:9      | Noticed Maurice
  5903 | D:9      | Reached XP level 11. HP: 65/75 MP: 11/11
  5911 | D:9      | XOM: smoke on damage
  6085 | D:9      | Killed Maurice
  6137 | D:9      | XOM: scenery: 1 doors open, 1 doors close
  6186 | D:9      | Noticed a two-headed ogre
  6188 | D:9      | XOM: cleaving
  6190 | D:9      | XOM: confuse monster(s)
  6205 | D:9      | Killed a two-headed ogre
  6374 | D:9      | Found a staircase to the Lair.
  6447 | D:10     | Entered Level 10 of the Dungeon
  6533 | D:10     | XOM: god gift: 24 gold pieces
  6875 | D:10     | XOM: medium Tloc miscast
  6901 | D:10     | XOM: divination: detect creatures
  7035 | D:10     | XOM: cloud trail
  7046 | D:10     | XOM: enchant monster (good)
  7067 | D:10     | Noticed a deep elf mage
  7074 | D:10     | XOM: enchant monster (good)
  7078 | D:10     | Killed a deep elf mage
  7205 | D:10     | You fall into a shaft and drop 2 floors!
  7205 | D:12     | Noticed a four-headed hydra
  7207 | D:12     | XOM: cast spell 'Summon Dragon'
  7210 | D:12     | Noticed a red ugly thing
  7216 | D:12     | Killed a four-headed hydra
  7218 | D:12     | XOM: smoke on damage
  7222 | D:12     | Killed a red ugly thing
  7232 | D:12     | Paralysed by a hornet for 2 turns
  7236 | D:12     | XOM: polymorph hornet -> shapeshifter
  7319 | D:12     | Noticed a manticore
  7320 | D:12     | Killed a manticore
  7382 | D:12     | Killed an unseen horror
  7382 | D:12     | Reached XP level 12. HP: 38/84 MP: 12/12
  7408 | D:12     | HP: 2/84 [cyclops/large rock (42)]
  7421 | D:11     | Noticed a two-headed ogre
  7591 | D:10     | XOM: torment (43/84 hp)
  7732 | D:10     | XOM: god gift: scale mail {god gift}
  7759 | D:10     | XOM: give mutations
  7759 | D:10     | Gained mutation: You are somewhat resistant to both further
                  | mutation and mutation removal. [Xom's grace]
  7759 | D:10     | Gained mutation: You expend magic power (3 MP) to
                  | strengthen your wands. [Xom's grace]
  7759 | D:10     | Gained mutation: You are partially covered in yellow
                  | scales. (AC +2) [Xom's grace]
  7839 | D:10     | Reached skill level 10 in Armour
  8073 | D:11     | Found a white marble altar of Elyvilon.
  8093 | D:11     | Killed a two-headed ogre
  8093 | D:11     | Reached skill level 10 in Dodging
  8356 | D:11     | Noticed Snorg
  8360 | D:11     | XOM: divination: detect creatures
  8361 | D:11     | XOM: fog
  8369 | D:11     | XOM: potion effect (invisibility)
  8381 | D:11     | Killed Snorg
  8728 | D:11     | XOM: god gift: whip {god gift}
  8841 | D:12     | Noticed a great orb of eyes
  8860 | D:12     | Killed a great orb of eyes
  8860 | D:12     | XOM: scenery: create altars
  8867 | D:11     | XOM: god gift: 12 stones
  8904 | D:12     | Found a portal to a secret trove of treasure.
  9071 | D:12     | Found a roughly hewn altar of Beogh.
  9072 | D:12     | XOM: fake destruction
  9082 | D:12     | XOM: summons friendly shadow imp
  9097 | D:12     | XOM: cast spell 'Alistair's Intoxication'
  9126 | D:12     | Found a staircase to the Orcish Mines.
  9364 | D:13     | Got a jewelled chain mail
  9375 | D:13     | Identified the +3 chain mail "Vizer" {rC+ SInv Stlth-} (You
                  | found it on level 13 of the Dungeon)
  9409 | D:13     | Noticed a centaur warrior
  9413 | D:13     | XOM: confuse monster(s)
  9426 | D:13     | XOM: fog
  9435 | D:13     | XOM: enchant monster (good)
  9444 | D:13     | Killed a centaur warrior
  9516 | D:13     | XOM: 2-stop teleportation journey
  9533 | D:13     | XOM: blink monster(s)
  9549 | D:13     | Reached XP level 13. HP: 90/90 MP: 13/13
  9571 | D:13     | XOM: fog
  9572 | D:13     | XOM: noise
  9574 | D:13     | Reached skill level 10 in Staves
  9678 | D:13     | XOM: scenery: 1 doors open, 1 doors close
 10058 | D:14     | XOM: confuse monster(s)
 10064 | D:14     | XOM: noise
 10093 | D:14     | XOM: harmless Fire miscast
 10095 | D:14     | XOM: blink monster(s)
 10096 | D:14     | XOM: polymorph deep elf mage -> shock serpent
 10112 | D:14     | XOM: smoke on damage
 10367 | Lair:1   | Entered Level 1 of the Lair of Beasts
 10410 | Lair:1   | XOM: summons 13 friendly demons
 10442 | Lair:1   | XOM: 1-stop teleportation journey
 10484 | Lair:1   | XOM: summons 1 hostile shadow creature
 10567 | Lair:1   | Noticed Nergalle
 10572 | Lair:1   | XOM: potion effect (brilliance)
 10580 | Lair:1   | Killed Nergalle
 10623 | Lair:1   | XOM: noise
 10697 | Lair:1   | Noticed Sonja
 10705 | Lair:1   | XOM: cleaving
 10707 | Lair:1   | XOM: confuse monster(s)
 10708 | Lair:1   | Cast into level 2 of the Abyss (Sonja)
 10722 | Abyss:2  | XOM: cleaving
 10730 | Abyss:2  | XOM: summons friendly crimson imp
 10732 | Abyss:2  | Reached skill level 10 in Fighting
 10734 | Abyss:2  | XOM: enchant monster (good)
 10744 | Abyss:2  | Noticed a starcursed mass
 10765 | Abyss:2  | Killed a starcursed mass
 10810 | Abyss:2  | Noticed a tentacled starspawn
 10816 | Abyss:2  | XOM: fog
 10843 | Abyss:2  | XOM: god gift: wand of scattershot (5)
 10845 | Abyss:2  | XOM: scenery: create altars
 10846 | Abyss:2  | Killed a tentacled starspawn
 10975 | Abyss:2  | XOM: summons friendly ufetubus
 11016 | Abyss:2  | XOM: divine lightning
 11029 | Abyss:2  | Noticed a starcursed mass
 11033 | Abyss:2  | XOM: confuse monster(s)
 11035 | Abyss:2  | XOM: destruction
 11038 | Abyss:2  | XOM: summons 6 friendly demons
 11040 | Abyss:2  | XOM: destruction
 11044 | Abyss:2  | Killed a starcursed mass
 11044 | Abyss:2  | XOM: divine lightning
 11055 | Abyss:2  | XOM: god gift: 18 gold pieces
 11071 | Lair:1   | Escaped the Abyss
 11106 | Lair:1   | XOM: cleaving
 11108 | Lair:1   | XOM: summons 7 friendly demons
 11114 | Lair:1   | Reached XP level 14. HP: 78/99 MP: 14/14
 11121 | Lair:1   | XOM: 1-stop teleportation journey
 11204 | Lair:1   | Killed Sonja
 11523 | Lair:2   | XOM: fog
 11594 | Lair:2   | XOM: fog
 11692 | Lair:2   | Found a hole to the Spider Nest.
 11692 | Lair:2   | XOM: 8-stop teleportation journey
 11717 | Lair:2   | XOM: potion effect (haste)
 11769 | Lair:2   | XOM: god gift: helmet {god gift}
 11850 | Lair:2   | XOM: god gift: 48 gold pieces
 11859 | Lair:2   | XOM: give mutations
 11859 | Lair:2   | Gained mutation: You are robust. (+10% HP) [Xom's grace]
 11859 | Lair:2   | Gained mutation: You possess an exceptional clarity of
                  | mind. [Xom's grace]
 11998 | Lair:2   | XOM: scenery: 1 fountains blood, 1 doors open
 12097 | Lair:2   | XOM: give mutations
 12097 | Lair:2   | Gained mutation: Your muscles are strong. (Str +2) [Xom's
                  | grace]
 12097 | Lair:2   | Gained mutation: You have sharp toenails. [Xom's grace]
 12097 | Lair:2   | Gained mutation: You have a pair of small horns on your
                  | head. [Xom's grace]
 12158 | Lair:3   | Got a crude leather armour
 12169 | Lair:3   | Identified the +2 leather armour of the Voivode {rElec
                  | Int-4 SInv} (You found it on level 3 of the Lair of Beasts)
 12211 | Lair:3   | XOM: medium Tmut miscast
 12216 | Lair:3   | XOM: cleaving
 12238 | Lair:3   | XOM: god gift: 22 stones
 12338 | Lair:3   | XOM: fog
 12367 | Lair:3   | XOM: cleaving
 12370 | Lair:3   | XOM: enchant monster (good)
 12507 | Lair:3   | XOM: potion effect (might)
 12514 | Lair:3   | XOM: cast spell 'Statue Form'
 12537 | Lair:3   | Found a staircase to the Swamp.
 12544 | Lair:3   | XOM: summons 4 friendly demons
 12569 | Lair:3   | XOM: draining
 13078 | Lair:4   | XOM: confuse monster(s)
 13095 | Lair:4   | Noticed Nessos
 13108 | Lair:4   | Killed Nessos
 13329 | Lair:4   | XOM: mild Ice miscast
 13406 | Lair:4   | XOM: cleaving
 13424 | Lair:4   | XOM: polymorph four-headed hydra -> shapeshifter
 13428 | Lair:4   | XOM: fog
 13464 | Lair:4   | XOM: cloud trail
 13574 | Lair:5   | XOM: scenery: create altars
 13618 | Lair:5   | Found a glowing golden altar of the Shining One.
 13867 | Lair:5   | Identified a scroll of acquirement
 13944 | Lair:5   | XOM: 2-stop teleportation journey
 14185 | Lair:5   | XOM: polymorph hippogriff -> glowing shapeshifter
 14356 | Lair:6   | Entered Level 6 of the Lair of Beasts
 14368 | Lair:6   | Reached XP level 15. HP: 91/116 MP: 15/15
 14384 | Lair:6   | XOM: potion effect (brilliance)
 14391 | Lair:6   | XOM: harmless Tmut miscast
 14399 | Lair:6   | XOM: potion effect (haste)
 14402 | Lair:6   | XOM: destruction
 14416 | Lair:6   | XOM: fake destruction
 14456 | Lair:6   | XOM: enchant monster (good)
 14524 | Lair:6   | Found a staircase to the Slime Pits.
 14533 | Lair:6   | XOM: noise
 14702 | Lair:6   | XOM: silly message
 14740 | Lair:6   | Found a burning altar of Makhleb.
 14777 | Lair:6   | XOM: swap monsters
 14807 | Lair:6   | Got an iridescent hand crossbow
 14808 | Lair:6   | Identified the cursed +0 hand crossbow "Rinnavo" {penet,
                  | rC+++ MR- Str-3 Dex+9} (You found it on level 6 of the Lair
                  | of Beasts)
 14890 | Lair:6   | XOM: harmless Pois miscast
 14911 | Lair:6   | XOM: polymorph swamp drake -> jelly
 14958 | Lair:6   | XOM: stat loss: -1 Str (22/23)
 14963 | Lair:6   | XOM: polymorph swamp dragon -> eye of devastation
 14991 | Lair:6   | Got a slimy turquoise ring
 14994 | Lair:6   | Identified the ring of Pamig {*Slow MR+ Dex+4 Stlth-} (You
                  | found it on level 6 of the Lair of Beasts)
 14999 | Lair:6   | XOM: destruction
 15005 | Lair:6   | XOM: 4-stop teleportation journey
 15025 | Lair:6   | XOM: polymorph hornet -> black bear
 15028 | Lair:6   | XOM: enchant monster (good)
 15029 | Lair:6   | XOM: polymorph black bear -> fire bat
 15081 | Lair:6   | XOM: stat loss: -1 Int (9/10)
 15270 | Lair:6   | XOM: summons 2 hostile shadow creatures
 15286 | Lair:6   | XOM: mild Erth miscast
 15393 | Lair:6   | Found a runed translucent door.
 15426 | Lair:6   | XOM: cleaving
 15591 | Lair:6   | XOM: summons 4 hostile demons
 15723 | Lair:6   | XOM: summons 7 hostile demons
 16045 | Lair:3   | XOM: draining
 16197 | Orc:1    | Entered Level 1 of the Orcish Mines
 16299 | Orc:1    | XOM: scenery: create altars
 16314 | Orc:1    | XOM: cast spell 'Chain of Chaos'
 16318 | Orc:1    | XOM: blink monster(s)
 16356 | Orc:1    | Found a roughly hewn altar of Beogh.
 16587 | Orc:2    | Entered Level 2 of the Orcish Mines
 16588 | Orc:2    | XOM: polymorph orc -> shapeshifter
 16610 | Orc:1    | XOM: divination: magic mapping
 16721 | Orc:1    | XOM: mild Necr miscast
 17154 | Orc:2    | Reached XP level 16. HP: 115/125 MP: 16/16
 17156 | Orc:2    | XOM: cloud trail
 17316 | Orc:2    | XOM: harmless Pois miscast
 17375 | Orc:2    | XOM: potion effect (haste)
 17395 | Orc:2    | Found Bipleung's Food Emporium.
 17429 | Orc:2    | Found a roughly hewn altar of Beogh.
 17603 | Orc:2    | XOM: divination: detect items
 17606 | Orc:2    | Found Xecs's Armour Boutique.
 17612 | Orc:2    | XOM: potion effect (brilliance)
 17649 | Orc:2    | XOM: divination: detect creatures
 17786 | Orc:2    | XOM: cast spell 'Summon Small Mammal'
 17854 | Orc:2    | XOM: cast spell 'Summon Small Mammal'
 17903 | Orc:2    | Found a staircase to the Elven Halls.
 17987 | Orc:2    | XOM: harmless Erth miscast
 18006 | Orc:2    | Found a roughly hewn altar of Beogh.
 18094 | Orc:2    | Found Nodoip's Jewellery Emporium.
 18117 | Orc:2    | Found Ylullaf's Assorted Antiques.
 18122 | Orc:2    | XOM: harmless Summ miscast
 18136 | Orc:2    | Bought a scroll of blinking for 172 gold pieces
 18175 | Orc:2    | XOM: harmless Air miscast
 18557 | D:14     | XOM: give mutations
 18557 | D:14     | Gained mutation: Scrolls take you a little longer to read.
                  | [Xom's mischief]
 18557 | D:14     | Lost mutation: You expend magic power (3 MP) to strengthen
                  | your wands. [Xom's mischief]
 18557 | D:14     | Lost mutation: Your muscles are strong. (Str +2) [Xom's
                  | mischief]
 18643 | D:14     | XOM: destruction
 18746 | D:14     | XOM: harmless Chrm miscast
 18751 | D:14     | XOM: potion effect (brilliance)
 18868 | D:14     | Found a gate to the Vaults.
 18900 | D:14     | XOM is BORED!
 18900 | D:14     | XOM: harmless Conj miscast
 18942 | D:14     | Found a shimmering blue altar of Sif Muna.
 18991 | D:14     | XOM: potion effect (brilliance)
 19141 | D:15     | Entered Level 15 of the Dungeon
 19166 | D:15     | Found a shattered altar of Ashenzari.
 19495 | D:15     | XOM: potion effect (curing)
 19600 | D:15     | XOM: harmless Air miscast
 19610 | D:15     | XOM: potion effect (haste)
 19760 | D:15     | XOM: potion effect (might)
 19792 | D:15     | Found a staircase to the Depths.
 19803 | D:15     | Reached XP level 17. HP: 133/133 MP: 17/17
 20044 | Spider:1 | Entered Level 1 of the Spider Nest
 20329 | Spider:1 | XOM: potion effect (agility)
 20337 | Spider:1 | XOM: confuse monster(s)
 20350 | Spider:1 | XOM: summons friendly shadow imp
 20356 | Spider:1 | XOM: confuse monster(s)
 20359 | Spider:1 | XOM: give mutations
 20359 | Spider:1 | Gained mutation: You are agile. (Dex +2) [Xom's grace]
 20359 | Spider:1 | Gained mutation: You are very robust. (+20% HP) [Xom's
                  | grace]
 20359 | Spider:1 | Gained mutation: You expend magic power (3 MP) to
                  | strengthen your wands. [Xom's grace]
 20450 | Spider:1 | XOM: cast spell 'Ring of Flames'
 20458 | Spider:1 | Reached skill level 15 in Armour
 20534 | Spider:1 | XOM: stat loss: -1 Dex (21/22)
 20541 | Spider:1 | XOM: severe Tloc miscast
 20541 | Spider:1 | Cast into level 3 of the Abyss (the severe capriciousness
                  | of Xom)
 20579 | Spider:1 | Escaped the Abyss
 20635 | Spider:1 | Reached skill level 15 in Dodging
 20672 | Spider:1 | XOM: cast spell 'Summon Ice Beast'
 20739 | Spider:1 | Noticed Roxanne
 20751 | Spider:1 | XOM: harmless Conj miscast
 20776 | Spider:1 | XOM: divination: magic mapping
 20779 | Spider:1 | XOM: potion effect (brilliance)
 20781 | Spider:1 | XOM: enchant monster (bad)
 20886 | Spider:1 | Killed Roxanne
 20977 | Spider:1 | XOM: enchant monster (bad)
 21032 | Spider:1 | XOM: draining
 21454 | Spider:1 | XOM: mild Erth miscast
 21526 | Spider:2 | Noticed Arachne
 21543 | Spider:2 | XOM: blink monster(s)
 21553 | Spider:2 | XOM: harmless Summ miscast
 21576 | Spider:2 | Killed Arachne
 21628 | Spider:2 | XOM: summons 3 hostile demons
 21630 | Spider:2 | XOM: draining
 21868 | Spider:2 | XOM: medium Hex miscast
 21879 | Spider:2 | XOM: summons 2 friendly demons
 21888 | Spider:2 | XOM: enchant monster (good)
 21890 | Spider:2 | XOM: divination: magic mapping
 21904 | Spider:2 | XOM: scenery: create altars
 21905 | Spider:2 | XOM: polymorph tarantella -> something unseen
 22037 | Spider:2 | XOM: cleaving
 22045 | Spider:2 | XOM: cleaving
 22046 | Spider:2 | XOM: potion effect (berserk rage)
 22172 | Spider:2 | XOM: cleaving
 22179 | Spider:2 | XOM: destruction
 22228 | Spider:2 | XOM: draining
 22232 | Spider:2 | XOM: smoke on damage
 22253 | Spider:2 | XOM: harmless Pois miscast
 22424 | Spider:2 | XOM: mild Chrm miscast
 22427 | Spider:2 | XOM: cast spell 'Discord'
 22428 | Spider:2 | XOM: summons friendly ufetubus
 22432 | Spider:2 | Reached XP level 18. HP: 118/156 MP: 18/18
 22747 | Spider:2 | XOM: god gift: viscous brown potion {god gift}
 22882 | Spider:3 | Noticed Donald
 22937 | Spider:2 | XOM: give mutations
 22937 | Spider:2 | Lost mutation: You are agile. (Dex +2) [Xom's mischief]
 22937 | Spider:2 | Lost mutation: You are somewhat resistant to both further
                  | mutation and mutation removal. [Xom's mischief]
 22937 | Spider:2 | Gained mutation: Scrolls take you longer to read. [Xom's
                  | mischief]
 23041 | Spider:3 | XOM: divination: detect creatures
 23043 | Spider:3 | Noticed Azrael
 23044 | Spider:3 | XOM: enchant monster (bad)
 23045 | Spider:3 | XOM: enchant monster (good)
 23054 | Spider:3 | Noticed Azrael
 23054 | Spider:3 | Azrael changed into Azrael the hell hog
 23054 | Spider:3 | XOM: polymorph Azrael -> Azrael the hell hog
 23121 | Spider:3 | Killed Azrael the hell hog
 23366 | Spider:3 | XOM: divination: magic mapping
 23495 | Spider:3 | XOM: summons friendly shadow imp
 23567 | Spider:3 | XOM: enchant monster (good)
 23599 | Spider:3 | XOM: enchant monster (good)
 23600 | Spider:3 | Killed Donald
 23649 | Spider:3 | XOM: god gift: 23 arrows
 23753 | Spider:4 | Entered Level 4 of the Spider Nest
 23810 | Spider:4 | XOM: summons 3 friendly demons
 23846 | Spider:4 | Noticed Louise
 23879 | Spider:4 | XOM: god gift: papyrus book {god gift}
 23883 | Spider:4 | XOM: potion effect (haste)
 23884 | Spider:4 | Killed Louise
 23971 | Spider:3 | XOM: harmless Pois miscast
 23988 | Spider:3 | XOM: harmless Pois miscast
 24065 | Spider:3 | XOM: divination: detect items
 24184 | Spider:4 | XOM: divination: detect creatures
 24184 | Spider:4 | XOM: smoke on damage
 24197 | Spider:3 | XOM: divination: detect items
 24268 | Spider:3 | XOM: cast spell 'Cause Fear'
 24337 | Spider:3 | XOM: noise
 24430 | Spider:4 | XOM: confuse monster(s)
 24445 | Spider:4 | XOM: summons friendly crimson imp
 24467 | Spider:4 | XOM: cast spell 'Summon Dragon'
 24578 | Spider:4 | Got a gossamer rune of Zot
 24696 | Spider:4 | XOM: harmless Fire miscast
 25111 | Vaults:1 | Entered Level 1 of the Vaults
 25219 | Vaults:1 | XOM: chaos cloud
 25222 | Vaults:1 | Paralysed by you for 7 turns
 25296 | Vaults:1 | Reached XP level 19. HP: 165/165 MP: 19/19
 25306 | Vaults:1 | XOM: enchant monster (good)
 25310 | Vaults:1 | XOM: cleaving
 25313 | Vaults:1 | XOM: potion effect (might)
 25434 | Vaults:1 | XOM: swap monsters
 25549 | Vaults:1 | Reached skill level 15 in Fighting
 25572 | Vaults:1 | XOM: noise
 25574 | Vaults:1 | XOM: blink monster(s)
 25898 | Vaults:1 | Found Kodaalag's Antique Weapon Boutique.
 26081 | Vaults:1 | XOM: cloud trail
 26154 | Vaults:1 | XOM: scenery: 1 doors close
 26227 | Vaults:2 | XOM: enchant monster (good)
 26245 | Vaults:2 | XOM: swap monsters
 26320 | Vaults:2 | XOM: enchant monster (good)
 26348 | Vaults:2 | XOM: summons 9 friendly demons
 26370 | Vaults:2 | XOM: enchant monster (good)
 26394 | Vaults:2 | XOM: give mutations
 26394 | Vaults:2 | Gained mutation: You have razor-sharp toenails. [Xom's
                  | grace]
 26394 | Vaults:2 | Gained mutation: You have claws for feet. [Xom's grace]
 26394 | Vaults:2 | Gained mutation: Your system is resistant to poisons.
                  | (rPois) [Xom's grace]
 26394 | Vaults:2 | Gained mutation: You are agile. (Dex +2) [Xom's grace]
 26434 | Vaults:2 | XOM: god gift: embroidered robe {god gift}
 26466 | Vaults:2 | XOM: fake destruction
 26472 | Vaults:2 | Paralysed by an orc sorcerer for 6 turns
 26478 | Vaults:2 | XOM: give mutations
 26478 | Vaults:2 | Gained mutation: You are very agile. (Dex +4) [Xom's grace]
 26478 | Vaults:2 | Gained mutation: You are covered in fur. (AC +1) [Xom's
                  | grace]
 26478 | Vaults:2 | Gained mutation: You are surrounded by a mild repulsion
                  | field. (EV +2) [Xom's grace]
 26478 | Vaults:2 | Gained mutation: Your movements are slightly less
                  | encumbered by armour. (ER -2) [Xom's grace]
 26590 | Vaults:2 | Identified the +6 arbalest of Pabreede {elec, rPois} (You
                  | found it on level 2 of the Vaults)
 26675 | Vaults:2 | XOM: enchant monster (bad)
 26758 | Vaults:2 | XOM: divination: detect creatures
 26782 | Vaults:2 | XOM: harmless Summ miscast
 26912 | Vaults:2 | Got a shimmering plate armour
 26923 | Vaults:2 | Identified the +9 plate armour of the Lotus Blossom {rF+
                  | rCorr Int-3 Dex+3} (You found it on level 2 of the Vaults)
 26966 | Vaults:2 | XOM: harmless Conj miscast
 27040 | Vaults:2 | XOM: cloud trail
 27080 | Vaults:2 | XOM: destruction
 27134 | Vaults:2 | XOM: noise
 27137 | Vaults:2 | XOM: polymorph troll -> shapeshifter
 27151 | Vaults:2 | XOM: blink monster(s)
 27159 | Vaults:2 | Reached XP level 20. HP: 168/176 MP: 20/20
 27250 | Vaults:2 | XOM: enchant monster (bad)
 27413 | Vaults:2 | You fall into a shaft and drop 1 floor!
 27450 | Vaults:3 | XOM: medium Tmut miscast
 27502 | Vaults:3 | Lost mutation: You are very robust. (+20% HP) [mutagenic
                  | glow]
 27504 | Vaults:3 | XOM: scenery: 1 doors close
 27507 | Vaults:3 | XOM: noise
 27535 | Vaults:3 | Noticed Asterion
 27536 | Vaults:3 | XOM: noise
 27543 | Vaults:3 | XOM: polymorph cacodemon -> balrug
 27557 | Vaults:3 | Killed Asterion
 27566 | Vaults:3 | XOM: scenery: 3 doors open, 1 doors close
 27600 | Vaults:3 | Found a flickering gateway to a bazaar.
 27612 | Vaults:3 | XOM: medium Air miscast
 27618 | Bazaar   | Entered a bazaar
 27624 | Bazaar   | Found Ziafuv's Jewellery Shop.
 27624 | Bazaar   | Found Ben Bec's Book Boutique.
 27638 | Bazaar   | Bought the amulet "Nomotez" {Spirit rC+ Str+5} for 872 gold
                  | pieces
 27657 | Vaults:3 | XOM: silly message
 27670 | Vaults:3 | XOM: noise
 27691 | Vaults:3 | XOM: god gift: phantom mirror
 27759 | Vaults:3 | XOM: 2-stop teleportation journey
 27864 | Vaults:3 | XOM: destruction
 27889 | Vaults:3 | XOM: fake destruction
 27966 | Vaults:3 | XOM: cast spell 'Cause Fear'
 27987 | Vaults:3 | XOM: polymorph deep elf mage -> shapeshifter
 28023 | Vaults:3 | XOM: god gift: ration
 28271 | Vaults:3 | XOM: enchant monster (good)
 28274 | Vaults:3 | XOM: confuse monster(s)
 28279 | Vaults:3 | XOM: 2-stop teleportation journey
 28365 | Vaults:3 | XOM: enchant monster (bad)
 28368 | Vaults:3 | XOM: swap monsters
 28420 | Vaults:3 | XOM: torment (77/162 hp)
 28695 | Vaults:3 | XOM: enchant monster (good)
 28697 | Vaults:3 | XOM: cast spell 'Dispersal'
 28700 | Vaults:3 | XOM: blink monster(s)
 28731 | Vaults:3 | XOM: give mutations
 28731 | Vaults:3 | Lost mutation: You are very agile. (Dex +4) [Xom's
                  | mischief]
 28731 | Vaults:3 | Lost mutation: You have claws for feet. [Xom's mischief]
 28731 | Vaults:3 | Lost mutation: You have a pair of small horns on your head.
                  | [Xom's mischief]
 28731 | Vaults:3 | Lost mutation: You are agile. (Dex +2) [Xom's mischief]
 28745 | Vaults:3 | XOM: noise
 28790 | Vaults:3 | XOM: harmless Ice miscast
 28794 | Vaults:3 | XOM: give mutation
 28794 | Vaults:3 | Lost mutation: You are covered in fur. (AC +1) [Xom's
                  | mischief]
 28899 | Vaults:3 | Found a staircase to the Crypt.
 28899 | Vaults:3 | Found a basalt altar of Yredelemnul.
 28900 | Vaults:3 | Found an ancient bone altar of Kikubaaqudgha.
 28981 | Vaults:3 | Found a runed translucent gate.
 28981 | Vaults:3 | Found a runed translucent gate.
 28981 | Vaults:3 | Found an ancient bone altar of Kikubaaqudgha.
 28981 | Vaults:3 | Found a runed translucent gate.
 28981 | Vaults:3 | Noticed an ancient lich
 28981 | Vaults:3 | Noticed an ancient lich
 28981 | Vaults:3 | Noticed an ancient lich
 28982 | Vaults:3 | Noticed Syvvoagh's ghost (adept DENe)
 28982 | Vaults:3 | Noticed an ancient lich
 29020 | Vaults:3 | XOM: summons 4 friendly demons
 29025 | Vaults:3 | XOM: summons friendly iron imp
 29036 | Vaults:3 | XOM: harmless Fire miscast
 29390 | Vaults:3 | XOM: harmless Ice miscast
 29552 | Vaults:4 | XOM: summons 5 friendly demons
 29605 | Vaults:4 | XOM: divination: detect creatures
 29620 | Vaults:4 | XOM: summons friendly ufetubus
 29626 | Vaults:4 | XOM: enchant monster (good)
 29696 | Vaults:4 | XOM: polymorph ogre -> porcupine
 29741 | Vaults:4 | XOM: cleaving
 29750 | Vaults:4 | Reached XP level 21. HP: 169/169 MP: 18/21
 29786 | Vaults:4 | XOM: summons 5 friendly demons
 30090 | Vaults:4 | XOM: divine lightning
 30125 | Vaults:4 | XOM: summons friendly white imp
 30143 | Vaults:4 | XOM: god gift: gnarled runed staff {god gift}
 30268 | Vaults:4 | XOM: confuse monster(s)
 30327 | Vaults:4 | XOM: scenery: 2 doors open
 30360 | Vaults:4 | XOM: summons friendly quasit
 30510 | Vaults:4 | XOM: enchant monster (good)
 30569 | Vaults:4 | XOM: divination: magic mapping
 31069 | Vaults:4 | XOM: scenery: 1 doors open, 1 doors close
 31078 | Vaults:4 | XOM: god gift: wand of paralysis (7)
 31176 | Vaults:5 | Entered Level 5 of the Vaults
 31195 | Vaults:4 | XOM: potion effect (might)
 31202 | Vaults:4 | XOM: summons 7 friendly demons
 31211 | Vaults:4 | XOM: 3-stop teleportation journey
 31245 | Vaults:5 | XOM: summons friendly orange demon
 31250 | Vaults:5 | XOM: confuse monster(s)
 31297 | Vaults:4 | XOM: polymorph vault guard -> four-headed hydra
 31325 | Vaults:4 | XOM: give mutation
 31325 | Vaults:4 | Gained mutation: You are somewhat resistant to both further
                  | mutation and mutation removal. [Xom's grace]
 31447 | Vaults:5 | XOM: destruction
 31458 | Vaults:4 | XOM: scenery: create altars
 31478 | Vaults:5 | XOM: destruction
 31482 | Vaults:5 | XOM: divination: magic mapping
 31483 | Vaults:5 | XOM: cast spell 'Disjunction'
 31495 | Vaults:5 | Noticed Xtahua
 31495 | Vaults:5 | Noticed an ancient lich
 31507 | Vaults:4 | XOM: god gift: wand of polymorph (8)
 31923 | Lair:2   | XOM: give mutations
 31923 | Lair:2   | Gained mutation: You passively map a small area around you.
                  | [Xom's grace]
 31923 | Lair:2   | Gained mutation: You have sharp fingernails. [Xom's grace]
 31923 | Lair:2   | Gained mutation: Your muscles are strong. (Str +2) [Xom's
                  | grace]
 31958 | Lair:3   | XOM: 3-stop teleportation journey
 31989 | Swamp:1  | Entered Level 1 of the Swamp
 32013 | Swamp:1  | Reached XP level 22. HP: 179/179 MP: 22/22
 32054 | Swamp:1  | XOM: confuse monster(s)
 32057 | Swamp:1  | XOM: destruction
 32239 | Swamp:1  | XOM: draining
 33077 | Swamp:2  | XOM: mild Pois miscast
 33136 | Swamp:2  | XOM: mild Summ miscast
 33332 | Swamp:2  | XOM: mild Tloc miscast
 33531 | Swamp:3  | XOM: blink monster(s)
 33538 | Swamp:3  | XOM: mild Conj miscast
 33638 | Swamp:3  | Got a spiked helmet
 33644 | Swamp:3  | Identified the +1 helmet "Muoki" {rF+ rC+ Regen+ Str+2}
                  | (You acquired it on level 3 of the Swamp)
 33746 | Swamp:3  | XOM: blink monster(s)
 33766 | Swamp:3  | XOM: summons friendly ufetubus
 34062 | Swamp:3  | XOM: mild Tmut miscast
 34219 | Swamp:4  | Entered Level 4 of the Swamp
 34241 | Swamp:4  | XOM: 1-stop teleportation journey
 34293 | Swamp:4  | XOM: swap monsters
 34378 | Swamp:4  | XOM: summons 11 hostile demons
 34477 | Swamp:4  | XOM: blink monster(s)
 34487 | Swamp:4  | XOM: divination: detect items
 34507 | Swamp:4  | XOM: blink monster(s)
 34520 | Swamp:4  | XOM: confuse monster(s)
 34561 | Swamp:4  | XOM: polymorph swamp dragon -> glowing shapeshifter
 34587 | Swamp:4  | XOM: polymorph two-headed ogre -> glowing shapeshifter
 34809 | Swamp:4  | Got a decaying rune of Zot
 35365 | Slime:1  | Entered Level 1 of the Pits of Slime
 35380 | Slime:1  | XOM: enchant monster (bad)
 35393 | Slime:1  | XOM: mild Conj miscast
 35419 | Lair:6   | XOM: summons friendly crimson imp
 35458 | Lair:6   | XOM: harmless Air miscast
 35505 | Lair:6   | XOM: summons 11 hostile demons
 35638 | Slime:1  | XOM: confuse monster(s)
 35665 | Slime:1  | XOM: summons friendly shadow imp
 35749 | Slime:2  | XOM: summons 2 friendly demons
 35784 | Slime:3  | XOM: noise
 35808 | Slime:3  | Gained mutation: Scrolls take you much longer to read. [a
                  | shining eye]
 35843 | Slime:3  | XOM: blink monster(s)
 35848 | Slime:2  | XOM: harmless Erth miscast
 35966 | Slime:2  | XOM: harmless Tloc miscast
 36030 | Slime:3  | Reached XP level 23. HP: 187/188 MP: 11/23
 36116 | Slime:4  | XOM: scenery: create altars
 36133 | Slime:4  | XOM: god gift: 23 arrows
 36153 | Slime:4  | XOM: cleaving
 36345 | Slime:5  | Entered Level 5 of the Pits of Slime
 36360 | Slime:5  | XOM: divine lightning
 36361 | Slime:5  | XOM: fog
 36375 | Slime:5  | XOM: fog
 36381 | Slime:5  | XOM: repel stairs
 36386 | Slime:5  | XOM: summons 11 hostile demons
 36390 | Slime:5  | XOM: smoke on damage
 36542 | Slime:5  | XOM: harmless Necr miscast
 36608 | Slime:5  | Paralysed by a great orb of eyes for 7 turns
 36619 | Slime:5  | Paralysed by a great orb of eyes for 6 turns
 36674 | Slime:5  | XOM: medium Air miscast
 36716 | Slime:5  | Found a viscous altar of Jiyva.
 36773 | Slime:5  | Gained mutation: You are clumsy. (Dex -2) [a shining eye]
 36776 | Slime:5  | XOM: swap monsters
 36800 | Slime:5  | XOM: swap monsters
 37011 | Slime:5  | Noticed the Royal Jelly
 37024 | Slime:5  | XOM: noise
 37026 | Slime:5  | XOM: enchant monster (good)
 37032 | Slime:5  | XOM: cast spell 'Disjunction'
 37048 | Slime:5  | Killed the Royal Jelly
 37049 | Slime:5  | XOM: blink monster(s)
 37062 | Slime:5  | XOM: summons friendly iron imp
 37087 | Slime:5  | XOM: mild Hex miscast
 37097 | Slime:5  | XOM: noise
 37101 | Slime:5  | XOM: summons friendly hellwing
 37129 | Slime:5  | Got a transparent cloak
 37140 | Slime:5  | Identified the +2 cloak of Youthful Indiscretion {Int+3}
                  | (You found it on level 5 of the Pits of Slime)
 37160 | Slime:5  | XOM: medium Summ miscast
 37161 | Slime:5  | Got a faintly humming leather armour
 37179 | Slime:5  | Identified the +2 leather armour "Hanousi" {MP+9 Int+4}
                  | (You found it on level 5 of the Pits of Slime)
 37202 | Slime:5  | Identified the +4 hunting sling of Wondrous Power
                  | {velocity, Str+3 Int-5 Dex+5} (You found it on level 5 of
                  | the Pits of Slime)
 37264 | Slime:5  | Got a slimy rune of Zot
 37459 | Lair:2   | XOM: cloud trail
 37662 | Depths:1 | Entered Level 1 of the Depths
 37712 | Depths:1 | XOM: fog
 37720 | Depths:1 | XOM: destruction
 37741 | Depths:1 | XOM: summons 2 hostile demons
 37754 | Depths:1 | XOM: summons 1 hostile demon
 37756 | Depths:1 | XOM: summons 1 friendly demon
 37759 | Depths:1 | XOM: enchant monster (good)
 37769 | Depths:1 | XOM: cast spell 'Summon Mana Viper'
 37772 | Depths:1 | XOM: scenery: create altars
 37775 | Depths:1 | XOM: 1-stop teleportation journey
 37821 | Depths:1 | Noticed Sojobo
 37824 | Depths:1 | XOM: cleaving
 37860 | Depths:1 | XOM: divination: detect items
 37870 | Depths:1 | Killed Sojobo
 37983 | Depths:1 | XOM: mild Summ miscast
 38034 | Depths:1 | XOM: mild Tmut miscast
 38110 | Depths:1 | XOM: cast spell 'Alistair's Intoxication'
 38111 | Depths:1 | XOM: enchant monster (good)
 38155 | Depths:1 | Paralysed by a great orb of eyes for 3 turns
 38163 | Depths:1 | XOM: smoke on damage
 38210 | Depths:1 | XOM: confuse monster(s)
 38212 | Depths:1 | XOM: confuse monster(s)
 38216 | Depths:1 | XOM: divination: magic mapping
 38219 | Depths:1 | XOM: blink monster(s)
 38226 | Depths:1 | XOM: divination: magic mapping
 38228 | Depths:1 | XOM: potion effect (invisibility)
 38262 | Depths:1 | XOM: harmless Fire miscast
 38394 | Depths:1 | XOM: divination: detect items
 38500 | Depths:1 | Found a gateway to Hell.
 38503 | Depths:1 | XOM: scenery: 3 doors open, 1 doors close
 38532 | Depths:1 | Reached XP level 24. HP: 182/197 MP: 22/23
 38620 | Depths:1 | XOM: silly message
 38844 | Depths:2 | XOM: destruction
 38848 | Depths:2 | XOM: blink monster(s)
 38853 | Depths:2 | XOM: enchant monster (bad)
 38922 | Depths:2 | XOM: divination: magic mapping
 38925 | Depths:2 | XOM: summons 6 friendly demons
 38926 | Depths:2 | XOM: give mutations
 38926 | Depths:2 | Gained mutation: You have an increased reservoir of magic.
                  | (+10% MP) [Xom's grace]
 38926 | Depths:2 | Gained mutation: You are almost entirely resistant to
                  | further mutation and mutation removal. [Xom's grace]
 39011 | Depths:2 | XOM: god gift: potion of berserk rage
 39034 | Depths:1 | XOM: give mutations
 39034 | Depths:1 | Lost mutation: Scrolls take you much longer to read. [Xom's
                  | mischief]
 39034 | Depths:1 | Lost mutation: You are almost entirely resistant to further
                  | mutation and mutation removal. [Xom's mischief]
 39034 | Depths:1 | Lost mutation: You expend magic power (3 MP) to strengthen
                  | your wands. [Xom's mischief]
 39034 | Depths:1 | Lost mutation: You are partially covered in yellow scales.
                  | (AC +2) [Xom's mischief]
 39051 | Depths:1 | XOM: give mutations
 39051 | Depths:1 | Lost mutation: You are somewhat resistant to both further
                  | mutation and mutation removal. [Xom's mischief]
 39051 | Depths:1 | Lost mutation: You are robust. (+10% HP) [Xom's mischief]
 39051 | Depths:1 | Lost mutation: Scrolls take you longer to read. [Xom's
                  | mischief]
 39247 | Depths:2 | XOM: cleaving
 39276 | Depths:2 | XOM: cast spell 'Call Canine Familiar'
 39277 | Depths:2 | XOM: potion effect (curing)
 39278 | Depths:2 | XOM: divination: magic mapping
 39282 | Depths:2 | XOM: enchant monster (bad)
 39287 | Depths:2 | XOM: summons 3 friendly demons
 39288 | Depths:2 | XOM: enchant monster (bad)
 39295 | Depths:2 | XOM: summons friendly crimson imp
 39302 | Depths:2 | XOM: summons 4 hostile shadow creatures
 39331 | Depths:2 | XOM: cast spell 'Leda's Liquefaction'
 39349 | Depths:2 | XOM: potion effect (might)
 39351 | Depths:2 | XOM: harmless Fire miscast
 39615 | Depths:2 | XOM: enchant monster (good)
 39620 | Depths:2 | XOM: harmless Necr miscast
 39678 | Depths:2 | XOM: harmless Tloc miscast
 39726 | Depths:2 | XOM: cast spell 'Summon Small Mammal'
 39727 | Depths:2 | XOM: summons friendly iron imp
 39732 | Depths:2 | XOM: potion effect (agility)
 39733 | Depths:2 | XOM: noise
 39790 | Depths:2 | XOM: god gift: ration
 39891 | Depths:2 | XOM: summons 4 friendly demons
 39899 | Depths:2 | XOM: divine lightning
 39913 | Depths:2 | XOM: scenery: create altars
 39918 | Depths:2 | XOM: fog
 39975 | Depths:2 | XOM: confuse monster(s)
 39981 | Depths:2 | XOM: scenery: create altars
 40007 | Depths:2 | XOM: god gift: 16 gold pieces
 40160 | Depths:2 | XOM: scenery: 1 doors open
 40210 | Depths:2 | Found a one-way gate leading to the halls of Pandemonium.
 40245 | Depths:2 | XOM: summons 10 friendly demons
 40258 | Depths:2 | XOM: enchant monster (bad)
 40475 | Depths:2 | XOM: god gift: scroll of holy word
 40543 | Depths:3 | XOM: severe Air miscast
 40574 | Depths:3 | XOM: 5-stop teleportation journey
 40645 | Depths:2 | XOM: harmless Erth miscast
 40656 | Depths:2 | XOM: harmless Fire miscast
 40666 | Depths:2 | XOM: smoke on damage
 40668 | Depths:2 | Reached XP level 25. HP: 132/189 MP: 19/25
 40818 | Depths:3 | XOM: blink monster(s)
 40886 | Depths:3 | XOM: cast spell 'Olgreb's Toxic Radiance'
 40891 | Depths:3 | XOM: blink monster(s)
 40904 | Depths:3 | XOM: enchant monster (bad)
 40909 | Depths:3 | XOM: summons friendly iron imp
 40913 | Depths:3 | XOM: fog
 40993 | Depths:3 | Found a gateway to a ziggurat.
 41022 | Depths:3 | XOM: summons 2 friendly demons
 41043 | Depths:3 | XOM: potion effect (agility)
 41167 | Depths:3 | Noticed Mara
 41179 | Depths:3 | Noticed Lanoc's illusion
 41243 | Depths:3 | XOM: confuse monster(s)
 41262 | Depths:3 | XOM: medium Summ miscast
 41280 | Depths:3 | Killed Mara
 41371 | Depths:3 | XOM: cast spell 'Summon Hydra'
 41421 | Depths:3 | XOM: harmless Summ miscast
 41561 | Depths:3 | XOM: potion effect (agility)
 41591 | Depths:3 | XOM: potion effect (haste)
 41686 | Depths:3 | XOM: cast spell 'Call Canine Familiar'
 41690 | Depths:3 | XOM: summons 1 hostile demon
 41809 | Depths:3 | XOM: swap monsters
 41835 | Depths:3 | XOM: chaos cloud
 41971 | Depths:3 | XOM: summons 3 hostile demons
 42103 | Depths:3 | Identified Wesyptohug's Handbook of Dislocation and Fire
 42195 | Depths:3 | XOM: harmless Air miscast
 42326 | Depths:4 | XOM: mild Hex miscast
 42329 | Depths:4 | XOM: destruction
 42359 | Depths:4 | XOM: scenery: create altars
 42368 | Depths:4 | XOM: divination: detect items
 42379 | Depths:4 | XOM: summons friendly crimson imp
 42410 | Depths:4 | XOM: summons 2 friendly demons
 42435 | Depths:4 | XOM: 2-stop teleportation journey
 42445 | Depths:4 | XOM: enchant monster (bad)
 42491 | Depths:4 | Identified the ring "Urigin" {rC+++ MP+9 Str-5 Dex+3}
 42559 | Depths:4 | XOM: harmless Summ miscast
 42574 | Depths:4 | XOM: harmless Ice miscast
 42639 | Depths:4 | XOM: give mutation
 42639 | Depths:4 | Lost mutation: Your muscles are strong. (Str +2) [Xom's
                  | mischief]
 42650 | Depths:4 | XOM: medium Tmut miscast
 42657 | Depths:4 | XOM: chaos upgrade
 42744 | Depths:4 | Gained mutation: Your body sometimes deteriorates upon
                  | taking damage. [mutagenic glow]
 42779 | Depths:4 | XOM: noise
 42787 | Depths:4 | XOM: polymorph frost giant -> iron troll
 42976 | Depths:4 | Found Ciyhowi's Gadget Emporium.
 42976 | Depths:4 | Found Tiridu's Jewellery Shop.
 42977 | Depths:4 | XOM: enchant monster (bad)
 42978 | Depths:4 | Found Petynonausch's Jewellery Shop.
 42999 | Depths:4 | Bought the ring of Sussaege {MR+ EV+4 Dex-5 SInv} for 634
                  | gold pieces
 43016 | Depths:4 | XOM: summons 2 hostile shadow creatures
 43063 | Depths:4 | Found a one-way gate to the infinite horrors of the Abyss.
 43164 | Depths:4 | XOM: medium Tloc miscast
 43376 | Depths:4 | XOM: summons 5 friendly demons
 43385 | Depths:4 | XOM: chaos upgrade
 43397 | Depths:4 | XOM: blink monster(s)
 43419 | Depths:4 | XOM: summons 1 hostile shadow creature
 43420 | Depths:4 | Reached XP level 26. HP: 168/195 MP: 23/25
 43427 | Depths:4 | XOM: summons 5 friendly demons
 43467 | Depths:4 | XOM: enchant monster (bad)
 43484 | Depths:4 | XOM: swap monsters
 43572 | Depths:4 | Noticed a greater mummy
 43576 | Depths:4 | XOM: summons friendly shadow imp
 43585 | Depths:4 | XOM: polymorph shadow imp -> ufetubus
 43594 | Depths:4 | Killed a greater mummy
 43612 | Depths:4 | Identified the cursed +1 long sword "Baofy" {protect, rN+
                  | Int+4 Dex+2} (You found it on level 4 of the Depths)
 43840 | Depths:5 | Entered Level 5 of the Depths
 43873 | Depths:5 | XOM: stat loss: -1 Int (6/7)
 43927 | Depths:5 | XOM: 2-stop teleportation journey
 44086 | Depths:5 | XOM: noise
 44160 | Depths:5 | XOM: confuse monster(s)
 44168 | Depths:5 | XOM: 1-stop teleportation journey
 44272 | Depths:5 | Found a gate to the Realm of Zot.
 44299 | Depths:5 | XOM: divination: detect items
 44307 | Depths:5 | XOM: confuse monster(s)
 44314 | Depths:5 | XOM: summons 6 friendly demons
 44335 | Depths:5 | XOM: cast spell 'Summon Butterflies'
 44346 | Depths:5 | XOM: enchant monster (bad)
 44347 | Depths:5 | XOM: enchant monster (good)
 44351 | Depths:5 | XOM: summons friendly quasit
 44358 | Depths:5 | XOM: summons 1 hostile demon
 44376 | Depths:5 | XOM: fog
 44398 | Depths:5 | XOM: cast spell 'Shadow Creatures'
 44490 | Depths:5 | XOM: polymorph yaktaur captain -> queen ant
 44539 | Depths:5 | Found a corrupted altar of Lugonu.
 44556 | Depths:5 | XOM: confuse monster(s)
 44597 | Depths:5 | XOM: polymorph brown very ugly thing -> red very ugly thing
 44601 | Depths:5 | XOM: god gift: ring of protection from cold {god gift}
 44603 | Depths:5 | XOM: summons 7 friendly demons
 44604 | Depths:5 | XOM: summons 4 friendly demons
 44627 | Depths:5 | XOM: noise
 44690 | Depths:5 | XOM: silly message
 44693 | Depths:5 | XOM: summons 3 hostile demons
 44978 | Depths:5 | XOM: medium Pois miscast
 45160 | Depths:5 | XOM: polymorph white draconian -> dire elephant
 45168 | Depths:5 | XOM: polymorph dire elephant -> shapeshifter
 45208 | Depths:5 | XOM: cast spell 'Summon Butterflies'
 45229 | Depths:5 | XOM: mild Pois miscast
 45292 | Depths:5 | Identified The Incunabulum of Greatest Risks and Utility
 45672 | Depths:5 | XOM: potion effect (heal wounds)
 45674 | Depths:5 | XOM: divination: detect items
 45676 | Depths:5 | Paralysed by a floating eye for 4 turns
 45680 | Depths:5 | XOM: potion effect (curing)
 45681 | Depths:5 | XOM: enchant monster (good)
 45683 | Depths:5 | Paralysed by a floating eye for 3 turns
 45697 | Depths:5 | Identified the Compendium of Evil Rites
 45717 | Depths:5 | XOM: harmless Fire miscast
 45777 | Zot:1    | Entered Level 1 of the Realm of Zot
 45778 | Zot:1    | XOM: blink monster(s)
 45845 | Zot:1    | XOM: divination: detect items
 45846 | Zot:1    | XOM: destruction
 45849 | Zot:1    | XOM: cleaving
 45913 | Zot:1    | Found a transporter.
 45961 | Zot:1    | XOM: cast spell 'Statue Form'
 45969 | Zot:1    | XOM: potion effect (might)
 45978 | Zot:1    | XOM: summons 2 friendly demons
 46009 | Zot:1    | Identified Xom's Tome of the Fray (Xom gifted it to you on
                  | level 1 of the Realm of Zot)
 46009 | Zot:1    | XOM: god gift: Xom's Tome of the Fray
 46039 | Zot:1    | XOM: divination: detect creatures
 46045 | Zot:1    | XOM: enchant monster (good)
 46058 | Zot:1    | XOM: cleaving
 46350 | D:12     | You paid a toll of +3 gold dragon scales to enter a
                  | treasure trove
 46351 | Trove    | Entered a treasure trove
 46364 | Trove    | Got a vibrating lead ring
 46369 | Trove    | Got a scintillating silver ring
 46374 | Trove    | Got a fine iron amulet
 46378 | Trove    | Got a scorched marble ring
 46382 | Trove    | Got a transparent ivory ring
 46384 | Trove    | Got a translucent silver ring
 46419 | D:12     | Identified the amulet of Aquuf {Faith rN+} (You found it in
                  | a treasure trove)
 46423 | D:12     | Identified the ring "Valonteq" {rElec rF+ Str+2 Stlth+}
                  | (You found it in a treasure trove)
 46428 | D:12     | Identified the ring "Asto" {rPois rCorr Str+4} (You found
                  | it in a treasure trove)
 46430 | D:12     | Identified the ring of Xyxedwy {Fire +Blink} (You found it
                  | in a treasure trove)
 46433 | D:12     | Identified the ring "Tuwnevim" {Wiz rN++} (You found it in
                  | a treasure trove)
 46445 | D:12     | Identified the ring "Sazev" {*Contam rCorr Str-5 Dex+3
                  | Slay+6} (You found it in a treasure trove)
 46471 | D:12     | Lost mutation: Your body sometimes deteriorates upon taking
                  | damage. [mutagenic glow]
 46651 | D:15     | XOM: mild Summ miscast
 46776 | Depths:4 | Voluntarily entered the Abyss.
 46776 | Abyss:1  | XOM: silly message
 46785 | Abyss:2  | Found a corrupted altar of Lugonu.
 46858 | Abyss:3  | Found a hide-covered altar of Uskayaw.
 46948 | Abyss:3  | XOM: enchant monster (good)
 47009 | Abyss:3  | XOM: polymorph blink frog -> golden eye
 47022 | Abyss:3  | Found a corrupted altar of Lugonu.
 47036 | Abyss:3  | XOM: enchant monster (bad)
 47039 | Abyss:3  | XOM: cast spell 'Olgreb's Toxic Radiance'
 47062 | Abyss:3  | XOM: summons friendly ufetubus
 47087 | Abyss:3  | Got an abyssal rune of Zot
 47114 | Abyss:3  | XOM: silly message
 47160 | Abyss:3  | XOM: divination: magic mapping
 47219 | Abyss:3  | Reached XP level 27. HP: 186/205 MP: 25/25
 47288 | Depths:4 | Escaped the Abyss
 47632 | Vaults:4 | XOM: blink monster(s)
 47634 | Vaults:4 | XOM: enchant monster (good)
 47647 | Vaults:4 | XOM: polymorph warg -> hornet
 47669 | Vaults:5 | Paralysed by a floating eye for 4 turns
 47670 | Vaults:5 | Noticed an ancient lich
 47677 | Vaults:5 | XOM: silly message
 47680 | Vaults:5 | XOM: confuse monster(s)
 47686 | Vaults:5 | Killed an ancient lich
 47705 | Vaults:5 | XOM: scenery: create altars
 47750 | Vaults:5 | XOM: fake destruction
 47756 | Vaults:5 | XOM: cast spell 'Summon Small Mammal'
 47763 | Vaults:5 | XOM: divination: detect creatures
 47768 | Vaults:5 | XOM: cast spell 'Summon Ice Beast'
 47775 | Vaults:5 | Paralysed by a floating eye for 4 turns
 47801 | Vaults:5 | Identified the +9 plate armour of the Bagpipe {rPois} (You
                  | found it on level 5 of the Vaults)
 47805 | Vaults:5 | Identified the +1 chain mail of Democracy {rPois MP+9 Int+8
                  | Stlth-} (You found it on level 5 of the Vaults)
 47809 | Vaults:5 | Identified the Catalogue of the Gnat
 47822 | Vaults:5 | Identified the Handbook of Glacial Enhancements
 47973 | Vaults:5 | XOM: divination: detect creatures
 47992 | Vaults:5 | Killed an ancient lich
 47992 | Vaults:5 | XOM: confuse monster(s)
 48028 | Vaults:5 | XOM: give mutations
 48028 | Vaults:5 | Gained mutation: You have claws for feet. [Xom's grace]
 48028 | Vaults:5 | Gained mutation: Your mind is acute. (Int +2) [Xom's grace]
 48033 | Vaults:5 | XOM: cleaving
 48144 | Vaults:5 | XOM: 6-stop teleportation journey
 48148 | Vaults:5 | XOM: enchant monster (good)
 48149 | Vaults:5 | XOM: 2-stop teleportation journey
 48190 | Vaults:5 | XOM: harmless Tmut miscast
 48282 | Vaults:5 | Identified the cursed +1 spear "Arrytsal" {vamp, rF+ Str+7
                  | Dex-3}
 48286 | Vaults:5 | Killed Xtahua
 48293 | Vaults:5 | XOM: noise
 48353 | Vaults:5 | XOM: summons friendly crimson imp
 48580 | Vaults:5 | Got a silver rune of Zot
 48670 | Vaults:5 | Identified the ring of Enuubot {rPois rC+} (You found it on
                  | level 5 of the Vaults)
 48792 | Vaults:5 | Identified the Handbook of the Supportive Blaze
 49078 | Vaults:5 | XOM: summons 3 friendly demons
 49341 | D:14     | XOM: give mutations
 49341 | D:14     | Gained mutation: You are partially covered in iridescent
                  | scales. (AC +2) [Xom's grace]
 49341 | D:14     | Gained mutation: You passively map the area around you.
                  | [Xom's grace]
 49402 | Depths:1 | Upgraded the game from 0.25-a0-277-g7046ed1b37 to
                  | 0.25-a0-280-gfa4545f159
 49549 | Zot:1    | XOM: 3-stop teleportation journey
 49586 | Zot:1    | XOM: cleaving
 49605 | Zot:1    | XOM: divination: magic mapping
 49615 | Zot:1    | XOM: cleaving
 49626 | Zot:1    | XOM: polymorph yellow draconian -> glowing shapeshifter
 49630 | Zot:1    | XOM: scenery: create altars
 49720 | Zot:1    | Found a transporter.
 49745 | Zot:1    | XOM: summons friendly orange demon
 49994 | Zot:1    | XOM: god gift: wand of digging (4)
 50000 | Zot:1    | XOM: confuse monster(s)
 50007 | Zot:1    | XOM: scenery: create altars
 50119 | Zot:2    | XOM: polymorph tentacled monstrosity -> hellephant
 50121 | Zot:2    | XOM: destruction
 50123 | Zot:2    | XOM: scenery: create altars
 50129 | Zot:2    | XOM: polymorph hellephant -> doom hound
 50155 | Zot:2    | XOM: smoke on damage
 50163 | Zot:1    | XOM: cleaving
 50165 | Zot:1    | XOM: enchant monster (good)
 50167 | Zot:1    | XOM: potion effect (magic)
 50169 | Zot:1    | XOM: potion effect (agility)
 50188 | Zot:1    | XOM: harmless Ice miscast
 50432 | Zot:2    | XOM: harmless Erth miscast
 50440 | Zot:1    | XOM: repel stairs
 50449 | Zot:1    | XOM: confuse monster(s)
 50463 | Zot:1    | XOM: divine lightning
 50535 | Zot:1    | XOM: smoke on damage
 50539 | Zot:1    | XOM: chaos upgrade
 50562 | Zot:1    | XOM: noise
 50567 | Zot:1    | XOM: swap monsters
 50589 | Zot:2    | XOM: polymorph black draconian -> shapeshifter
 50592 | Zot:2    | XOM: divination: detect items
 50598 | Zot:2    | XOM: blink monster(s)
 50609 | Zot:2    | XOM: 2-stop teleportation journey
 50616 | Zot:2    | XOM: destruction
 50624 | Zot:2    | XOM: butterfly on damage
 50630 | Zot:2    | XOM: enchant monster (bad)
 50637 | Zot:2    | XOM: mild Tmut miscast
 50647 | Zot:2    | XOM: swap monsters
 50655 | Zot:2    | XOM: blink monster(s)
 50656 | Zot:2    | XOM: potion effect (curing)
 50678 | Zot:2    | XOM: smoke on damage
 50696 | Zot:2    | XOM: silly message
 50767 | Zot:2    | XOM: potion effect (invisibility)
 50798 | Zot:2    | XOM: potion effect (berserk rage)
 50898 | Zot:2    | XOM: harmless Tmut miscast
 50951 | Zot:2    | XOM: silly message
 51004 | Zot:2    | XOM: potion effect (experience)
 51005 | Zot:2    | XOM: potion effect (brilliance)
 51317 | Zot:3    | XOM: god gift: 18 stones
 51324 | Zot:3    | XOM: confuse monster(s)
 51347 | Zot:3    | XOM: mild Erth miscast
 51351 | Zot:3    | XOM: summons friendly quasit
 51353 | Zot:3    | Noticed an orb of fire
 51355 | Zot:3    | XOM: enchant monster (good)
 51381 | Zot:3    | Killed an orb of fire
 51385 | Zot:3    | XOM: summons 2 friendly demons
 51399 | Zot:3    | XOM: 3-stop teleportation journey
 51435 | Zot:3    | Identified the +7 trident "Xefunier" {venom, rElec MP-9
                  | Str+4 Stlth+} (You found it on level 3 of the Realm of Zot)
 51463 | Zot:3    | XOM: 1-stop teleportation journey
 51587 | Zot:3    | XOM: give mutations
 51587 | Zot:3    | Gained mutation: Your muscles are strong. (Str +2) [Xom's
                  | grace]
 51587 | Zot:3    | Gained mutation: You are somewhat resistant to both further
                  | mutation and mutation removal. [Xom's grace]
 51587 | Zot:3    | Gained mutation: You have a pair of small antennae on your
                  | head. [Xom's grace]
 51587 | Zot:3    | Gained mutation: Your flesh is heat resistant. (rF+) [Xom's
                  | grace]
 51800 | Zot:3    | Reached skill level 27 in Dodging
 51810 | Zot:3    | XOM: cleaving
 51857 | Zot:3    | XOM: divine lightning
 51889 | Zot:3    | XOM: confuse monster(s)
 51896 | Zot:3    | XOM: summons 16 friendly demons
 52147 | Zot:3    | XOM: noise
 52152 | Zot:3    | XOM: enchant monster (good)
 52370 | Zot:3    | Identified the +7 broad axe of Geral {chop, *Corrode +Inv
                  | Str+5 Stlth+} (You found it on level 3 of the Realm of Zot)
 52475 | Zot:3    | XOM: give mutation
 52475 | Zot:3    | Gained mutation: You are almost entirely resistant to
                  | further mutation and mutation removal. [Xom's grace]
 52703 | Zot:4    | Upgraded the game from 0.25-a0-280-gfa4545f159 to
                  | 0.25-a0-285-gcba6f664f8
 52718 | Zot:4    | XOM: fog
 52728 | Zot:4    | XOM: confuse monster(s)
 52735 | Zot:4    | XOM: potion effect (might)
 52809 | Zot:3    | XOM: swap monsters
 52915 | Zot:4    | XOM: harmless Conj miscast
 52931 | Zot:4    | XOM: enchant monster (bad)
 52961 | Zot:4    | XOM: blink monster(s)
 52968 | Zot:4    | XOM: noise
 52990 | Zot:4    | XOM: scenery: create altars
 53002 | Zot:4    | XOM: mild Tmut miscast
 53011 | Zot:4    | XOM: scenery: create altars
 53017 | Zot:4    | XOM: potion effect (curing)
 53254 | Zot:3    | XOM: god gift: scroll of fog
 53415 | Zot:4    | XOM: noise
 53476 | Zot:4    | XOM: harmless Hex miscast
 53498 | Zot:4    | XOM: confuse monster(s)
 53511 | Zot:4    | XOM: cast spell 'Leda's Liquefaction'
 53626 | Zot:4    | XOM: medium Necr miscast
 53675 | Zot:4    | XOM: chaos upgrade
 53700 | Zot:4    | XOM: noise
 53705 | Zot:4    | XOM: scenery: create altars
 53718 | Zot:4    | XOM: divination: magic mapping
 54058 | Zot:5    | Entered Level 5 of the Realm of Zot
 54152 | Zot:5    | Noticed an ancient lich
 54153 | Zot:5    | XOM: confuse monster(s)
 54160 | Zot:5    | Killed an ancient lich
 54299 | Zot:5    | XOM: cast spell 'Statue Form'
 54304 | Zot:5    | XOM: confuse monster(s)
 54305 | Zot:5    | Reached skill level 27 in Armour
 54307 | Zot:5    | Noticed an ancient lich
 54311 | Zot:5    | Noticed an orb of fire
 54315 | Zot:5    | XOM: potion effect (brilliance)
 54317 | Zot:5    | Noticed an ancient lich
 54318 | Zot:5    | Noticed an ancient lich
 54319 | Zot:5    | Noticed an orb of fire
 54320 | Zot:5    | Killed an ancient lich
 54321 | Zot:5    | Noticed a Killer Klown
 54327 | Zot:5    | Noticed an ancient lich
 54333 | Zot:5    | Noticed an ancient lich
 54334 | Zot:5    | Noticed a Killer Klown
 54336 | Zot:5    | XOM: scenery: create altars
 54336 | Zot:5    | Noticed an ancient lich
 54338 | Zot:5    | Noticed an ancient lich
 54352 | Zot:5    | XOM: destruction
 54359 | Zot:5    | XOM: noise
 54366 | Zot:5    | XOM: give mutations
 54366 | Zot:5    | Lost mutation: Your muscles are strong. (Str +2) [Xom's
                  | mischief]
 54366 | Zot:5    | Lost mutation: Scrolls take you a little longer to read.
                  | [Xom's mischief]
 54368 | Zot:5    | XOM: summons 16 friendly demons
 54377 | Zot:5    | XOM: swap monsters
 54399 | Zot:5    | XOM: harmless Fire miscast
 54407 | Zot:5    | XOM: divination: magic mapping
 54454 | Zot:5    | XOM: 9-stop teleportation journey
 54477 | Zot:5    | XOM: cleaving
 54480 | Zot:5    | XOM: scenery: create altars
 54774 | Zot:5    | XOM: god gift: bardiche {god gift}
 54829 | Zot:5    | XOM: give mutations
 54829 | Zot:5    | Gained mutation: Your mind is very acute. (Int +4) [Xom's
                  | grace]
 54829 | Zot:5    | Gained mutation: You expend magic power (3 MP) to
                  | strengthen your wands. [Xom's grace]
 55007 | Zot:5    | XOM: smoke on damage
 55016 | Zot:4    | XOM: cleaving
 55020 | Zot:3    | XOM: god gift: 7 rations
 55022 | Zot:3    | XOM: scenery: create altars
 55040 | Zot:3    | Killed an ancient lich
 55268 | Zot:4    | Killed an ancient lich
 55359 | Zot:5    | Killed an ancient lich
 55375 | Zot:5    | XOM: cast spell 'Disjunction'
 55403 | Zot:5    | XOM: scenery: create altars
 55419 | Zot:5    | XOM: potion effect (might)
 55435 | Zot:5    | XOM: cleaving
 55438 | Zot:5    | Killed a Killer Klown
 55504 | Zot:5    | XOM: fog
 55514 | Zot:5    | XOM: divination: detect creatures
 55529 | Zot:5    | XOM: enchant monster (good)
 55532 | Zot:5    | Noticed an ancient lich
 55557 | Zot:5    | XOM: divine lightning
 55685 | Zot:4    | XOM: cloud trail
 55752 | Zot:4    | XOM: god gift: book of Air
 55951 | Zot:5    | Killed an ancient lich
 55994 | Zot:5    | Noticed an orb of fire
 56006 | Zot:5    | XOM: scenery: create altars
 56037 | Zot:5    | XOM: summons friendly ufetubus
 56042 | Zot:5    | XOM: noise
 56069 | Zot:5    | XOM: summons 5 friendly demons
 56089 | Zot:5    | XOM: cleaving
 56091 | Zot:5    | XOM: polymorph iron imp -> white imp
 56120 | Zot:5    | Killed an orb of fire
 56164 | Zot:5    | XOM: repel stairs
 56172 | Zot:5    | Killed an ancient lich
 56183 | Zot:5    | XOM: summons friendly quasit
 56235 | Zot:5    | XOM: medium Ice miscast
 56266 | Zot:5    | Noticed an ancient lich
 56287 | Zot:5    | XOM: divination: detect creatures
 56291 | Zot:5    | Killed an ancient lich
 56329 | Zot:5    | XOM: enchant monster (good)
 56348 | Zot:5    | XOM: destruction
 56354 | Zot:5    | XOM: mild Summ miscast
 56378 | Zot:5    | XOM: divine lightning
 56389 | Zot:5    | XOM: scenery: create altars
 56398 | Zot:5    | Killed an orb of fire
 56631 | Zot:5    | XOM: mild Tmut miscast
 56697 | Zot:5    | XOM: noise
 56717 | Zot:5    | XOM: cast spell 'Shadow Creatures'
 56721 | Zot:5    | XOM: mild Ice miscast
 56729 | Zot:5    | XOM: mild Chrm miscast
 56740 | Zot:5    | Killed an ancient lich
 56760 | Zot:5    | XOM: give mutations
 56760 | Zot:5    | Lost mutation: Your flesh is heat resistant. (rF+) [Xom's
                  | mischief]
 56760 | Zot:5    | Lost mutation: Your system is resistant to poisons. (rPois)
                  | [Xom's mischief]
 56760 | Zot:5    | Lost mutation: You have claws for feet. [Xom's mischief]
 56760 | Zot:5    | Lost mutation: Your mind is very acute. (Int +4) [Xom's
                  | mischief]
 56765 | Zot:5    | XOM: harmless Necr miscast
 56770 | Zot:5    | XOM: noise
 56787 | Zot:5    | XOM: mild Tloc miscast
 56795 | Zot:5    | XOM: swap monsters
 56807 | Zot:5    | XOM: blink monster(s)
 57036 | Zot:5    | XOM: harmless Conj miscast
 57194 | Zot:5    | XOM: mild Pois miscast
 57195 | Zot:5    | XOM: mild Summ miscast
 57210 | Zot:5    | XOM: noise
 57220 | Zot:5    | Killed an ancient lich
 57324 | Zot:5    | XOM: cast spell 'Olgreb's Toxic Radiance'
 57325 | Zot:5    | XOM: silly message
 57357 | Zot:5    | Killed a Killer Klown
 57395 | Zot:5    | XOM: potion effect (haste)
 57424 | Zot:5    | Killed an orb of fire
 57531 | Zot:5    | XOM: harmless Conj miscast
 57671 | Zot:5    | XOM: harmless Hex miscast
 57674 | Zot:5    | Got the Orb of Zot
 57697 | Zot:5    | XOM: divination: detect creatures
 57714 | Zot:4    | XOM: potion effect (curing)
 57778 | Zot:1    | XOM: enchant monster (good)
 57866 | Depths:3 | XOM: smoke on damage
 57871 | Depths:2 | XOM: divine lightning
 57923 | Depths:1 | XOM: god gift: flickering marble ring {god gift}
 57926 | Depths:1 | Identified the ring "Renyas" {+Blink rN+++ Str-3 Dex+2
                  | Stlth+} (Xom gifted it to you on level 1 of the Depths)
 57989 | D:15     | XOM: silly message
 58125 | D:10     | XOM: summons friendly shadow imp
 58156 | D:10     | XOM: scenery: create altars
 58160 | D:10     | XOM: divination: detect creatures
 58166 | D:10     | XOM: summons 11 friendly demons
 58232 | D:7      | Noticed a seraph
 58233 | D:7      | XOM: polymorph ynoxinul -> neqoxec
 58401 | D:2      | XOM: give mutations
 58401 | D:2      | Gained mutation: Your spells are a little harder to cast,
                  | but a little more powerful. [Xom's grace]
 58401 | D:2      | Lost mutation: You are clumsy. (Dex -2) [Xom's grace]
 58401 | D:2      | Gained mutation: You have a beak for a mouth. [Xom's grace]
 58474 | D:$      | Escaped with the Orb!

Levels and vault maps discovered:
D:1:      saegor_arrival_simple_a, layout_loops_ring, minmay_tetromino_l4
D:2:      layout_basic, minmay_between
D:3:      layout_rooms, eat_drink_and_be_merry_uskayaw, first_ration,
          minmay_snake_closets, uniq_natasha
D:4:      layout_basic, temple_hall, kennysheep_generic_room_15
D:5:      layout_basic, lemuel_doored_altar, uniq_crazy_yiuf_cottage
D:6:      layout_gridville, zin_angel, minmay_joined_circles
D:7:      layout_basic, grunt_temple_overflow_open
D:8:      cheibrodos_grave_circle, layout_rooms, cheibriados_altar_1
D:9:      layout_roguey, lair_entry_dummy, uniq_erolcha, uniq_maurice
D:10:     layout_stronghold, chequers_hall_statues_wall_a, hangedman_stone_soup,
          corexii_hall_statues_s, kennysheep_diamond, st_stairs_1
D:11:     layout_basic, elyvilon_altar_5, uniq_snorg
D:12:     layout_rooms, david_orc_5, nicolae_trove_entry_diagonal
D:13:     layout_roguey
D:14:     layout_rooms, david_vaults_1, lemuel_blue_sif_altar
D:15:     grunt_enter_depths_magical_seal, layout_irregular_city,
          ashenzari_altar_1
Temple:   eino_temple_scatter_basement
Lair:1:   layout_big_grid, uniq_nergalle, uniq_sonja
Lair:2:   layout_hall_layers, spider_nest_entry_web_field, grunt_megastairs_1
Lair:3:   regret_index_bee_streams, layout_misc_corridors, swamp_mist,
          special_room [special_room_bee], nicolae_quartered_pool_little,
          wad_woods_06
Lair:4:   layout_hall_layers, uniq_nessos
Lair:5:   layout_cave_pods, basic_altar
Lair:6:   guppyfry_lair_end_dragon, layout_cave_pods, wormcave,
          minmay_slime_entry_pillars, basic_altar, kennysheep_abandoned_house
Swamp:1:  layout_falls_marsh, nicolae_swamp_treefoil, infiniplex_staircase_pool
Swamp:2:  layout_falls_marsh, nicolae_swamp_round_clearing
Swamp:3:  cheibrodos_swamp_monstrosity, layout_basic_swamp,
          evilmike_swamp_ruin_house_1
Swamp:4:  swamp_alternative, layout_basic_swamp
Spider:1: layout_spider_delve, uniq_roxanne
Spider:2: layout_spider_delve, drop_trap, hangedman_spider_mandibles,
          einodemon_crawler_minivault, uniq_arachne
Spider:3: layout_spider_delve, uniq_azrael, uniq_donald
Spider:4: grunt_spider_rune_circles, uniq_louise
Slime:1:  layout_caves
Slime:2:  cheibrodos_slime_lost_civilization_1, layout_caves
Slime:3:  layout_caves, cheibrodos_slime_lost_civilization_5
Slime:4:  layout_caves, cheibrodos_slime_lost_civilization_6
Slime:5
Orc:1:    layout_diamond_mine, basic_altar
Orc:2:    pubby_orc_utopia, serial_shops
Vaults:1: ontoclasm_vaults_gateway, vaults_dpeg_cross, v_misc_30,
          nicolae_vaults_rhombus_5, v_misc_24, hangedman_vaults_hat,
          vaults_room_pool, hangedman_vaults_stagger,
          nicolae_vaults_network_periphery, v_misc_16, vaults_dpeg_hooks,
          vaults_room_grunt_arrival_ludios, ontoclasm_vaults_idyll,
          layout_vaults_maze_snakey, serial_shops, nicolae_shop_behind_doors
Vaults:2: st_smaller_cells, vaults_dpeg_spiral, v_pattern_1, v_rooms_1,
          vaults_room_corners, nicolae_vaults_yaktaur_gun_rack,
          nicolae_vaults_ring_of_whatevers, hangedman_vaults_trim,
          hangedman_vaults_pinch, vaults_room_hallway,
          ontoclasm_vaults_misaligned, nicolae_vaults_shelves_hall,
          layout_vaults_ring
Vaults:3: gammafunk_vaults_ghost_crypt, hangedman_vaults_variations, v_rooms_5,
          minmay_crypt_entry_necro_gods, ontoclasm_vaults_ring_small,
          ontoclasm_vaults_fault, vaults_mumra_minichess, v_misc_1, v_misc_11,
          v_misc_31, nicolae_vaults_little_ls, layout_vaults_omnibox,
          serial_shops, bzr_entry_safe, uniq_asterion
Vaults:4: nicolae_vaults_mini_display_case, v_pattern_4,
          ontoclasm_vaults_ring_small, nicolae_vaults_triangles,
          dpeg_vaults_waves, nicolae_vaults_little_squares_6,
          hangedman_vaults_nails, v_misc_4, vaults_room_door_hall,
          vaults_mumra_chevron, layout_vaults_omnicross
Vaults:5: uniq_xtahua
Depths:1: layout_gridlike, grunt_mini_vestibule, bh_walls_and_bars, uniq_sojobo
Depths:2: minmay_nested_s, layout_basic, hangedman_abyss_or_decor_stagger,
          rand_demon_pan_entry_7, hell_entry, minmay_fractal_squares_diagonal_5,
          minmay_staircase_windowed_small
Depths:3: minmay_mutant_horseshoe, layout_basic, enter_ziggurat_e, hell_entry,
          rand_demon_pan_entry_5, minmay_misc_feat_nine_boxes, uniq_mara
Depths:4: lemuel_minitomb, layout_cave_pools, abyss_entry, serial_bayou_pond_c,
          hell_entry, rand_demon_pan_entry_4, minmay_shop_grove
Depths:5: lemuel_castle_with_subvaults [lemuel_castle_interior_original],
          layout_gridville, abyss_entry_flame_altar, minmay_fountain_box,
          hell_entry, horrible_house_mu
Zot:1:    gammafunk_sealed_arena, layout_onion
Zot:2:    layout_misc_corridors
Zot:3:    infiniplex_zot_generator, layout_onion
Zot:4:    layout_misc_corridors
Zot:5:    layout_misc_corridors

Skill      XL: |  1  2  3  4  5  6  7  8  9 10 11 12 13 14 15 16 17 18 19 20 21 22 23 24 25 26 27 |
---------------+----------------------------------------------------------------------------------+-----
Short Blades   | 4 |  4.0
Fighting       | 3 4 5 6 7 8 9 10 11 12 13 14 15 16 17 18 19 20 21 26 | 26.1
Dodging        | 2 3 4 5 6 7 8 9 10 11 12 13 14 15 17 18 19 20 21 22 24 25 27 | 27.0
Armour         | 3 4 5 6 7 8 9 10 11 12 13 14 15 17 18 19 20 21 22 23 24 27 | 27.0
Staves         | 2 4 6 8 9 11 12 13 14 | 14.0

Action                   |  1- 3 |  4- 6 |  7- 9 | 10-12 | 13-15 | 16-18 | 19-21 | 22-24 | 25-27 || total
-------------------------+-------+-------+-------+-------+-------+-------+-------+-------+-------++-------
Melee: Short sword       |   140 |   168 |       |       |       |       |       |       |       ||   308
       Dagger            |       |    61 |       |       |       |       |       |       |       ||    61
       Unarmed           |       |     2 |       |       |       |       |       |       |       ||     2
       Quarterstaff      |       |    14 |   219 |   613 |  1331 |  1591 |  1623 |  2292 |  4598 || 12281
       Kick              |       |       |       |       |   421 |   765 |  1006 |  1472 |  2762 ||  6426
       Headbutt          |       |       |       |       |   271 |   485 |   322 |       |       ||  1078
       Peck              |       |       |       |       |       |       |       |       |     9 ||     9
 Fire: Hunting sling     |       |       |       |     6 |    18 |    47 |       |       |     5 ||    76
Throw: Stone             |       |     3 |       |       |       |       |       |       |       ||     3
Evoke: Wand              |       |       |       |       |     7 |     1 |       |     4 |     1 ||    13
  Use: Potion            |       |       |     2 |     6 |     4 |     4 |     3 |     4 |    23 ||    46
       Scroll            |       |       |       |    14 |    19 |     5 |     4 |     4 |    30 ||    76
 Stab: Sleeping          |       |     4 |     1 |       |       |       |       |       |       ||     5
       Paralysed         |       |     3 |       |     1 |     3 |     2 |     5 |     2 |       ||    16
       Invisible         |       |       |       |    10 |       |       |       |    14 |    10 ||    34
       Confused          |       |       |       |     2 |     6 |     5 |    11 |    19 |    66 ||   109
       Distracted        |       |       |       |     1 |     1 |     2 |     5 |     6 |     6 ||    21
       Held in net/web   |       |       |       |       |       |     1 |       |       |       ||     1
       Petrifying        |       |       |       |       |       |       |     2 |       |     4 ||     6
       Betrayed ally     |       |       |       |       |       |       |     1 |       |       ||     1
       Petrified         |       |       |       |       |       |       |    10 |       |     7 ||    17
  Eat: Chunk             |       |     5 |     9 |    15 |    25 |    25 |    23 |    14 |    24 ||   140
       Ration            |       |       |       |       |       |     1 |       |     5 |    14 ||    20
Armor: Leather armour    |    34 |    37 |    33 |       |       |       |       |       |       ||   104
       Ring mail         |       |       |    31 |   186 |       |       |       |       |       ||   217
       Chain mail        |       |       |       |    30 |   464 |    85 |       |       |       ||   579
       Skin              |       |       |       |       |    27 |       |       |       |    42 ||    69
       Plate armour      |       |       |       |       |       |   658 |   402 |   825 |  1375 ||  3260
Dodge: Dodged            |    91 |   136 |   244 |   613 |  1347 |  1686 |  1695 |  3514 |  5868 || 15194
       Deflected         |       |       |       |       |     5 |    29 |    41 |    64 |    83 ||   222

Table legend:
 A = Non-vault XP
 B = Vault XP
 C = Vault XP percentage of total XP
 D = Non-vault monster count
 E = Vault monster count
 F = Vault count percentage of total count
                 A         B        C        D         E       F
            +---------+---------+-------+---------+---------+-------
      Total |  842866 |  771115 |  47.8 |    1555 |     934 |  37.5
            +---------+---------+-------+---------+---------+-------
        D:1 |      74 |       7 |   8.6 |      36 |       4 |  10.0
        D:2 |      44 |       6 |  12.0 |      16 |       5 |  23.8
        D:3 |     141 |      82 |  36.8 |      16 |      10 |  38.5
        D:4 |     224 |       3 |   1.3 |       8 |       1 |  11.1
        D:5 |     175 |      39 |  18.2 |       5 |       1 |  16.7
        D:6 |     331 |     496 |  60.0 |       7 |       8 |  53.3
        D:7 |    1986 |       0 |   0.0 |      32 |       0 |   0.0
        D:8 |    1086 |    1968 |  64.4 |      19 |       6 |  24.0
        D:9 |    2223 |    1499 |  40.3 |      32 |       2 |   5.9
       D:10 |    3260 |    1221 |  27.2 |      40 |       8 |  16.7
       D:11 |    2051 |    1152 |  36.0 |      10 |       1 |   9.1
       D:12 |    7226 |     638 |   8.1 |      43 |      22 |  33.8
       D:13 |    4865 |     841 |  14.7 |      30 |       1 |   3.2
       D:14 |   11332 |    4287 |  27.4 |      37 |       6 |  14.0
       D:15 |    7770 |    6137 |  44.1 |      31 |       9 |  22.5
     Lair:1 |    4562 |    1475 |  24.4 |      23 |       2 |   8.0
     Lair:2 |    5151 |    1029 |  16.7 |      21 |       6 |  22.2
     Lair:3 |    2177 |    7746 |  78.1 |      10 |      71 |  87.7
     Lair:4 |    3693 |    1334 |  26.5 |      13 |       1 |   7.1
     Lair:5 |    4076 |       0 |   0.0 |      12 |       0 |   0.0
     Lair:6 |   20491 |   11075 |  35.1 |      48 |      49 |  50.5
    Swamp:1 |    8263 |       0 |   0.0 |      25 |       0 |   0.0
    Swamp:2 |   10001 |       0 |   0.0 |      24 |       0 |   0.0
    Swamp:3 |    6637 |    2880 |  30.3 |      21 |       1 |   4.5
    Swamp:4 |   14540 |   20743 |  58.8 |      34 |      32 |  48.5
   Spider:1 |   24160 |    2081 |   7.9 |      57 |       1 |   1.7
   Spider:2 |   29388 |    5361 |  15.4 |      81 |      11 |  12.0
   Spider:3 |    9434 |   10368 |  52.4 |      28 |      16 |  36.4
   Spider:4 |    4958 |   19016 |  79.3 |      11 |      29 |  72.5
    Slime:1 |    6894 |       0 |   0.0 |       9 |       0 |   0.0
    Slime:2 |   11951 |       0 |   0.0 |      11 |       0 |   0.0
    Slime:3 |   14197 |       0 |   0.0 |      19 |       0 |   0.0
    Slime:4 |   10795 |    2296 |  17.5 |      21 |       1 |   4.5
    Slime:5 |   14773 |   27043 |  64.7 |      23 |      10 |  30.3
      Orc:1 |    1861 |    1467 |  44.1 |      27 |      12 |  30.8
      Orc:2 |       0 |   22365 | 100.0 |       0 |     134 | 100.0
   Vaults:1 |   16269 |   12533 |  43.5 |      37 |      23 |  38.3
   Vaults:2 |   34156 |   21837 |  39.0 |      64 |      42 |  39.6
   Vaults:3 |   31174 |   25531 |  45.0 |      45 |      30 |  40.0
   Vaults:4 |   36199 |   56559 |  61.0 |      56 |      57 |  50.4
   Vaults:5 |   20679 |  116585 |  84.9 |      40 |      74 |  64.9
   Depths:1 |   33829 |   11602 |  25.5 |      48 |      12 |  20.0
   Depths:2 |   46537 |   64299 |  58.0 |      51 |      61 |  54.5
   Depths:3 |   48527 |   18692 |  27.8 |      63 |       9 |  12.5
   Depths:4 |   45382 |   17338 |  27.6 |      42 |      23 |  35.4
   Depths:5 |   21165 |   43745 |  67.4 |      18 |      47 |  72.3
      Zot:1 |   66202 |    8831 |  11.8 |      42 |       9 |  17.6
      Zot:2 |   41238 |       0 |   0.0 |      29 |       0 |   0.0
      Zot:3 |   50460 |   36844 |  42.2 |      28 |      29 |  50.9
      Zot:4 |   41007 |   12278 |  23.0 |      25 |       3 |  10.7
      Zot:5 |   33600 |  161081 |  82.7 |      16 |      37 |  69.8
    Abyss:2 |    9200 |     235 |   2.5 |      25 |       8 |  24.2
    Abyss:3 |   16452 |    8470 |  34.0 |      46 |      10 |  17.9
            +---------+---------+-------+---------+---------+-------
